Workbook

Sheet __FDSCACHE__
B1: This sheet contains FactSet XML data for use with this workbook's =FDS codes. Modifying the worksheet's contents may damage the workbook's =FDS functionality.

Sheet Terms of Use and Important Info
A1: 29Metals
A2: Terms of Use and Important Information
A3: For period ending 30-Sep-2026
B7: DATASHEET TERMS OF USE AND IMPORTANT INFORMATION
C9: Persons accessing the accompanying Datasheets should read the important information set out below in full. By accessing the Datasheets, readers are acknowledging and accepting the limitations and other important information set out below.
B14: General Information Purposes
C16: These Datasheets are prepared for general informational purposes and are subject to change or update without notice. The information in these Datasheets should not be used for any purpose other than gaining general knowledge of the Company. The information in the Datasheets has been derived from quarterly reports released by 29Metals to the ASX announcements platform. The Datasheets should be considered in conjunction with, and not as a substitute for, 29Metals’ published quarterly reports. Users should refer to the source quarterly reports for related and contextual disclosures, including (without limitation) footnotes to reported data. Information presented is deemed representative at the time of its original release and, other than to the extent required by law, 29Metals does not accept any responsibility to update the information presented. Readers should be aware that there may be changes to historical information presented in the future due to adjustments in accounting and reporting policies and standards, and that past results or performance are no guarantee of future results or performance. Unless otherwise stated, all information in the Datasheets is unaudited. Certain figures, amounts, percentages, estimates, calculations of value and fractions presented are subject to the effect of rounding. Accordingly, the actual calculation of these figures may differ from the figures presented. The provision of the information in the Datasheets is not a recommendation to invest in 29Metals. The information presented does not purport to include all of the information that a person may require in order to decide whether to invest in 29Metals. Prospective investors must seek their own legal or other professional advice.
B45: Forward Looking Statements
C47: The Datasheets may contain forward-looking statements and comments about future events, including in relation to 29Metals’ businesses, plans and strategies, and expected trends in the industry in which 29Metals currently operates. Forward-looking statements can generally be identified by the use of words such as, “expect”, “anticipate”, “likely”, “intend”, “should”, “could”, “may”, “plan”, “propose”, “will”, “believe”, “forecast”, “estimate”, “target” and other similar expressions. Indications of, and guidance or outlook regarding, future performance are also forward-looking statements. Forward-looking statements involve inherent risks, assumptions and uncertainties, both general and specific, and there is a risk that such predictions, forecasts, projections and other forward-looking statements will not be achieved. A number of important factors could cause 29Metals’ actual results to differ materially from the plans, objectives, expectations, estimates, targets and intentions expressed in such forward-looking statements, and many of these factors are beyond 29Metals’ control. Forward-looking statements may prove to be incorrect, and circumstances may change, and the contents of the Datasheet may become outdated as a result. Forward looking statements are based on 29Metals’ good faith assumptions as to the financial, market, regulatory and other relevant environments that will exist and affect 29Metals’ business and operations in the future. 29Metals does not give any assurance that the assumptions will prove to be correct. There may be other factors that could cause actual results or events not to be as anticipated, many of which are beyond 29Metals’ reasonable control. Readers are cautioned not to place undue reliance on forward looking statements, particularly in the current economic climate with the significant volatility, uncertainty and disruption caused by the COVID-19 pandemic. Except as required by applicable laws, 29Metals does not undertake any obligation to publicly update or revise any forward-looking statements, to advise of any change in assumptions on which any such statement is based, or to publish prospective information in the future.
B81: Non-IFRS Information
C83: 29Metals’ results are reported under International Financial Reporting Standards (IFRS). The information presented includes non-IFRS financial information within the meaning of ASIC Regulatory Guide 230: ‘Disclosing non-IFRS financial information’. Such information includes: ‘Cu-eq’ (copper equivalent contained metal), ‘C1 Costs’ and ‘AISC’ (All-In Sustaining Costs). Non-IFRS financial information does not have a standardised meaning prescribed by IFRS and may be calculated differently by other companies. These non-IFRS financial information metrics are used by 29Metals to assess the underlying performance of the business. The non-IFRS information has not been subject to audit or review by 29Metals’external auditor. Non-IFRS financial information should be used in addition to, and not as a substitute for, information prepared in accordance with IFRS. Although 29Metals believes these non-IFRS financial information metrics provide useful information to investors and other market participants, readers are cautioned not to place undue reliance on any non-IFRS financial information presented.
B100: Legend
C102: Type | D102: Colour | E102: Example
C103: Input | D103: Blue | E103: 100
C104: Sheet reference | D104: Green | E104: 100
C105: Calculation | D105: Black | E105: 100

Sheet 29Metals_Group_Stats (Q)
A1: 29Metals
A2: 29Metals Group
A3: ='Terms of Use and Important Info'!$A$3 -> For period ending 30-Sep-2026
A4: Note: refer to Terms of Use and Important Information
C7: Period ended on | E7: 44286 | F7: =EOMONTH(E$7,3) -> 44377 | G7: =EOMONTH(F$7,3) -> 44469 | H7: =EOMONTH(G$7,3) -> 44561 | I7: =EOMONTH(H$7,3) -> 44651 | J7: =EOMONTH(I$7,3) -> 44742 | K7: =EOMONTH(J$7,3) -> 44834 | L7: =EOMONTH(K$7,3) -> 44926 | M7: =EOMONTH(L$7,3) -> 45016 | ... AA7: =EOMONTH(Z$7,3) -> 46295
C9: Conversions | D9: Unit
C10: AUD:USD | D10: FX | E10: 0.77267743 | F10: 0.77020836 | G10: 0.73452985 | H10: 0.72871716 | I10: 0.72456797 | J10: 0.7142192 | K10: 0.68324621 | L10: 0.65758533 | M10: 0.68360229 | N10: 0.66800996 | O10: 0.65484308 | P10: 0.65032576 | Q10: 0.65736071 | R10: 0.66 | S10: 0.67 | T10: 0.653 | U10: 0.62766781 | V10: 0.64 | W10: 0.65418364 | X10: 0.65667879 | Y10: 0.6955 | Z10: 0.7085 | AA10: 0.706
C12: Pounds per tonne | D12: 2204.623
B14: Executive Summary
C16: 29Metals Group | D16: Unit
C17: TRIFR | D17: mmhrs | E17: 8.7060205 | F17: 9.810551 | G17: 12.120011 | H17: 12.069848 | I17: 13.342319 | J17: 12.090765 | K17: 10.228083 | L17: 9.796411 | M17: 8.1429233 | N17: 8.9968589 | O17: 7.6602371 | P17: 6.5211879 | Q17: 6.6196657 | R17: 9.2061304 | S17: 10.515442 | T17: 9.9776978 | U17: 8.3121961 | V17: 6.743152 | W17: 5.8245756 | X17: 6.7175589 | Y17: 9.2967295 | Z17: 7.9766946 | AA17: 7.9452098
C18: LTIFR | D18: mmhrs | E18: 0.36275086 | F18: 0.72670748 | G18: 0.71294182 | H18: 0.68963353 | I18: 1.0263323 | J18: 1.0075638 | K18: 0.98981448 | L18: 1.9592822 | M18: 1.6285847 | N18: 1.7301652 | O18: 1.823866 | P18: 1.5343972 | Q18: 1.9469605 | R18: 2.3015326 | S18: 3.1156864 | T18: 2.3946475 | U18: 2.078049 | V18: 1.264341 | W18: 0 | X18: 0 | Y18: 0 | Z18: 0 | AA18: 0
C19: Copper produced | D19: Tonnes | E19: ='Golden_Grove_Stats (Q)'!E19+'Capricorn_Copper_Stats (Q)'!E19 -> 7204.6427 | F19: ='Golden_Grove_Stats (Q)'!F19+'Capricorn_Copper_Stats (Q)'!F19 -> 10330.067 | G19: ='Golden_Grove_Stats (Q)'!G19+'Capricorn_Copper_Stats (Q)'!G19 -> 10134.388 | H19: ='Golden_Grove_Stats (Q)'!H19+'Capricorn_Copper_Stats (Q)'!H19 -> 13025.574 | I19: ='Golden_Grove_Stats (Q)'!I19+'Capricorn_Copper_Stats (Q)'!I19 -> 9329.6629 | J19: ='Golden_Grove_Stats (Q)'!J19+'Capricorn_Copper_Stats (Q)'!J19 -> 11141.746 | K19: ='Golden_Grove_Stats (Q)'!K19+'Capricorn_Copper_Stats (Q)'!K19 -> 12287.602 | L19: ='Golden_Grove_Stats (Q)'!L19+'Capricorn_Copper_Stats (Q)'!L19 -> 8003.0919 | ... AA19: ='Golden_Grove_Stats (Q)'!AA19+'Capricorn_Copper_Stats (Q)'!AA19 -> 4208.0423
C20: Zinc produced | D20: Tonnes | E20: ='Golden_Grove_Stats (Q)'!E20+'Capricorn_Copper_Stats (Q)'!E20 -> 7719.8725 | F20: ='Golden_Grove_Stats (Q)'!F20+'Capricorn_Copper_Stats (Q)'!F20 -> 12391.769 | G20: ='Golden_Grove_Stats (Q)'!G20+'Capricorn_Copper_Stats (Q)'!G20 -> 15518.177 | H20: ='Golden_Grove_Stats (Q)'!H20+'Capricorn_Copper_Stats (Q)'!H20 -> 12126.132 | I20: ='Golden_Grove_Stats (Q)'!I20+'Capricorn_Copper_Stats (Q)'!I20 -> 12235.414 | J20: ='Golden_Grove_Stats (Q)'!J20+'Capricorn_Copper_Stats (Q)'!J20 -> 10787.344 | K20: ='Golden_Grove_Stats (Q)'!K20+'Capricorn_Copper_Stats (Q)'!K20 -> 12514.157 | L20: ='Golden_Grove_Stats (Q)'!L20+'Capricorn_Copper_Stats (Q)'!L20 -> 22038.668 | ... AA20: ='Golden_Grove_Stats (Q)'!AA20+'Capricorn_Copper_Stats (Q)'!AA20 -> 1992.3335
C21: Gold produced | D21: Ounces | E21: ='Golden_Grove_Stats (Q)'!E21+'Capricorn_Copper_Stats (Q)'!E21 -> 5093.2999 | F21: ='Golden_Grove_Stats (Q)'!F21+'Capricorn_Copper_Stats (Q)'!F21 -> 12926.631 | G21: ='Golden_Grove_Stats (Q)'!G21+'Capricorn_Copper_Stats (Q)'!G21 -> 9035.0881 | H21: ='Golden_Grove_Stats (Q)'!H21+'Capricorn_Copper_Stats (Q)'!H21 -> 8794.9776 | I21: ='Golden_Grove_Stats (Q)'!I21+'Capricorn_Copper_Stats (Q)'!I21 -> 5054.7706 | J21: ='Golden_Grove_Stats (Q)'!J21+'Capricorn_Copper_Stats (Q)'!J21 -> 8167.2096 | K21: ='Golden_Grove_Stats (Q)'!K21+'Capricorn_Copper_Stats (Q)'!K21 -> 5234.2369 | L21: ='Golden_Grove_Stats (Q)'!L21+'Capricorn_Copper_Stats (Q)'!L21 -> 8116.4539 | ... AA21: ='Golden_Grove_Stats (Q)'!AA21+'Capricorn_Copper_Stats (Q)'!AA21 -> 2111.7478
C22: Silver produced | D22: Ounces | E22: ='Golden_Grove_Stats (Q)'!E22+'Capricorn_Copper_Stats (Q)'!E22 -> 237027.27 | F22: ='Golden_Grove_Stats (Q)'!F22+'Capricorn_Copper_Stats (Q)'!F22 -> 586203.13 | G22: ='Golden_Grove_Stats (Q)'!G22+'Capricorn_Copper_Stats (Q)'!G22 -> 411471.9 | H22: ='Golden_Grove_Stats (Q)'!H22+'Capricorn_Copper_Stats (Q)'!H22 -> 531490.62 | I22: ='Golden_Grove_Stats (Q)'!I22+'Capricorn_Copper_Stats (Q)'!I22 -> 339473.55 | J22: ='Golden_Grove_Stats (Q)'!J22+'Capricorn_Copper_Stats (Q)'!J22 -> 340174.06 | K22: ='Golden_Grove_Stats (Q)'!K22+'Capricorn_Copper_Stats (Q)'!K22 -> 342911.43 | L22: ='Golden_Grove_Stats (Q)'!L22+'Capricorn_Copper_Stats (Q)'!L22 -> 532113.66 | ... AA22: ='Golden_Grove_Stats (Q)'!AA22+'Capricorn_Copper_Stats (Q)'!AA22 -> 93100.023
C23: Lead produced | D23: Tonnes | E23: ='Golden_Grove_Stats (Q)'!E23+'Capricorn_Copper_Stats (Q)'!E23 -> 211.26686 | F23: ='Golden_Grove_Stats (Q)'!F23+'Capricorn_Copper_Stats (Q)'!F23 -> 652.19173 | G23: ='Golden_Grove_Stats (Q)'!G23+'Capricorn_Copper_Stats (Q)'!G23 -> 810.2558 | H23: ='Golden_Grove_Stats (Q)'!H23+'Capricorn_Copper_Stats (Q)'!H23 -> 774.65863 | I23: ='Golden_Grove_Stats (Q)'!I23+'Capricorn_Copper_Stats (Q)'!I23 -> 466.5772 | J23: ='Golden_Grove_Stats (Q)'!J23+'Capricorn_Copper_Stats (Q)'!J23 -> 592.9948 | K23: ='Golden_Grove_Stats (Q)'!K23+'Capricorn_Copper_Stats (Q)'!K23 -> 631.8523 | L23: ='Golden_Grove_Stats (Q)'!L23+'Capricorn_Copper_Stats (Q)'!L23 -> 1073.412 | ... AA23: ='Golden_Grove_Stats (Q)'!AA23+'Capricorn_Copper_Stats (Q)'!AA23 -> 24.184834
C24: Payable copper sold | D24: Mlbs | E24: =E70 -> 15.231507 | F24: =F70 -> 18.569292 | G24: =G70 -> 22.413115 | H24: =H70 -> 25.85106 | I24: =I70 -> 21.425212 | J24: =J70 -> 21.184189 | K24: =K70 -> 26.428209 | L24: =L70 -> 15.611136 | ... AA24: =AA70 -> 8.1415383
C25: Site Costs | D25: $m | E25: =SUM(E62:E64) -> 105.54226 | F25: =SUM(F62:F64) -> 108.73167 | G25: =SUM(G62:G64) -> 112.72069 | H25: =SUM(H62:H64) -> 120.1203 | I25: =SUM(I62:I64) -> 116.20727 | J25: =SUM(J62:J64) -> 121.45347 | K25: =SUM(K62:K64) -> 128.98051 | L25: =SUM(L62:L64) -> 144.04442 | ... AA25: =SUM(AA62:AA64) -> 108.1525
C26: C1 Costs | D26: $m | E26: =E69 -> 72.891518 | F26: =F69 -> 44.265738 | G26: =G69 -> 55.34908 | H26: =H69 -> 59.071226 | I26: =I69 -> 66.785969 | J26: =J69 -> 74.347221 | K26: =K69 -> 92.705682 | L26: =L69 -> 65.590164 | ... Q26: =Q69 -> 111.93823 | R26: N/a | S26: N/a | T26: N/a | U26: N/a | V26: N/a | W26: N/a | X26: N/a | Y26: N/a | Z26: N/a | AA26: N/a
C27: C1 Costs | D27: US$/lb Cu sold | E27: =E72 -> 3.6977057 | F27: =F72 -> 1.8360335 | G27: =G72 -> 1.813918 | H27: =H72 -> 1.6651625 | I27: =I72 -> 2.2585995 | J27: =J72 -> 2.5065964 | K27: =K72 -> 2.396712 | L27: =L72 -> 2.7628437 | ... Q27: =Q72 -> 4.8553743 | R27: N/a | S27: N/a | T27: N/a | U27: N/a | V27: N/a | W27: N/a | X27: N/a | Y27: N/a | Z27: N/a | AA27: N/a
C28: Capital | D28: $m | E28: =SUM(E76:E77,E82:E83) -> 21.485186 | F28: =SUM(F76:F77,F82:F83) -> 22.515696 | G28: =SUM(G76:G77,G82:G83) -> 29.673632 | H28: =SUM(H76:H77,H82:H83) -> 37.206687 | I28: =SUM(I76:I77,I82:I83) -> 28.974842 | J28: =SUM(J76:J77,J82:J83) -> 25.418073 | K28: =SUM(K76:K77,K82:K83) -> 29.956069 | L28: =SUM(L76:L77,L82:L83) -> 27.184255 | ... Q28: =SUM(Q76:Q77,Q82:Q83) -> 19.852959 | R28: N/a | S28: N/a | T28: N/a | U28: N/a | V28: N/a | W28: N/a | X28: N/a | Y28: N/a | Z28: N/a | AA28: N/a
C29: AISC | D29: $m | E29: =E78 -> 99.231458 | F29: =F78 -> 73.844428 | G29: =G78 -> 92.121415 | H29: =H78 -> 107.41682 | I29: =I78 -> 104.41908 | J29: =J78 -> 106.03482 | K29: =K78 -> 130.06698 | L29: =L78 -> 103.10759 | ... Q29: =Q78 -> 139.20783 | R29: N/a | S29: N/a | T29: N/a | U29: N/a | V29: N/a | W29: N/a | X29: N/a | Y29: N/a | Z29: N/a | AA29: N/a
C30: AISC | D30: US$/lb Cu sold | E30: =E81 -> 5.0339015 | F30: =F81 -> 3.0628844 | G30: =G81 -> 3.0190329 | H30: =H81 -> 3.0279796 | I30: =I81 -> 3.531294 | J30: =J81 -> 3.574935 | K30: =K81 -> 3.3626105 | L30: =L81 -> 4.3431842 | ... Q30: =Q81 -> 6.038206 | R30: N/a | S30: N/a | T30: N/a | U30: N/a | V30: N/a | W30: N/a | X30: N/a | Y30: N/a | Z30: N/a | AA30: N/a
C31: Recovery costs during partial operations | D31: $m | M31: ='Capricorn_Copper_Stats (Q)'!M74 -> 8.8511279 | N31: ='Capricorn_Copper_Stats (Q)'!N74 -> 25.36093 | O31: ='Capricorn_Copper_Stats (Q)'!O74 -> 12.616035 | P31: ='Capricorn_Copper_Stats (Q)'!P74 -> 14.111606 | Q31: ='Capricorn_Copper_Stats (Q)'!Q74 -> 10.426114
C32: Suspension period Site operating costs | D32: $m | R32: ='Capricorn_Copper_Stats (Q)'!R75 -> 17.838775 | S32: ='Capricorn_Copper_Stats (Q)'!S75 -> 10.385415 | T32: ='Capricorn_Copper_Stats (Q)'!T75 -> 10.464117 | U32: ='Capricorn_Copper_Stats (Q)'!U75 -> 10.867244 | V32: ='Capricorn_Copper_Stats (Q)'!V75 -> 7.9966248 | W32: ='Capricorn_Copper_Stats (Q)'!W75 -> 7.7536014 | X32: ='Capricorn_Copper_Stats (Q)'!X75 -> 8.0111259 | Y32: ='Capricorn_Copper_Stats (Q)'!Y75 -> 8.3469375 | ... AA32: ='Capricorn_Copper_Stats (Q)'!AA75 -> 6.6437092
C33: Suspension period capital | D33: $m | R33: ='Capricorn_Copper_Stats (Q)'!R76 -> 13.822471 | S33: ='Capricorn_Copper_Stats (Q)'!S76 -> 8.5433517 | T33: ='Capricorn_Copper_Stats (Q)'!T76 -> 4.4809224 | U33: ='Capricorn_Copper_Stats (Q)'!U76 -> 0.80033928 | V33: ='Capricorn_Copper_Stats (Q)'!V76 -> 1.0844432 | W33: ='Capricorn_Copper_Stats (Q)'!W76 -> 0.98707147 | X33: ='Capricorn_Copper_Stats (Q)'!X76 -> 1.5873407 | Y33: ='Capricorn_Copper_Stats (Q)'!Y76 -> 0.29025607 | ... AA33: ='Capricorn_Copper_Stats (Q)'!AA76 -> 3.0500945
B35: APPENDIX 2: UNIT COSTS
C37: Other (Corporate, exploration and Redhill) | D37: Unit
C38: Mining (excl. CapDev) | D38: $m
C39: Processing | D39: $m
C40: G&A (Redhill) | D40: $m | E40: 0.082912086 | F40: 0.048668065 | G40: 0.10306805 | H40: 0.17916209 | I40: 0.33685381 | J40: 0.3360747 | K40: 0.22139896 | L40: 0.21567391 | M40: 0.23639297 | N40: 0.48469815 | O40: 0.18281775 | P40: 0.20730647 | Q40: 0.20181026 | R40: 0.11866666 | S40: 0.1370931 | T40: 0.11838391 | U40: 0.68057693 | V40: 0.12338922 | W40: 0.14970585 | X40: 0.14796615 | Y40: 0.56114221 | Z40: 0.14659914 | AA40: 0.20486774
C41: Concentrate transport | D41: $m
C42: TCRC's | D42: $m
C43: Stockpile movements | D43: $m
C44: By-products | D44: $m
C45: C1 Costs | D45: $m
C46: Payable copper sold | D46: Mlbs
C47: C1 Costs | D47: A$/lb
C48: C1 Costs | D48: US$/lb
C49: C1 Costs | D49: $m
C50: Royalties | D50: $m
C51: Corporate | D51: $m | E51: 4.1010092 | F51: 4.1010092 | G51: 3.5778046 | H51: 6.2154808 | I51: 5.3059183 | J51: 5.4105378 | K51: 5.200676 | L51: 6.1949555 | M51: 6.563542 | N51: 7.4762958 | O51: 6.2742977 | P51: 8.8304924 | Q51: 5.5804762 | R51: 3.9991639 | S51: 4.6667843 | T51: 3.2221532 | U51: 4.5047322 | V51: 4.6156861 | W51: 3.8863393 | X51: 4.4938629 | Y51: 4.3166354 | Z51: 3.5956489 | AA51: 4.5358061
C52: Sustaining capex | D52: $m | E52: 0 | F52: 0 | G52: 0.57970775 | H52: 0 | I52: 0 | J52: 0 | K52: 0 | L52: 0 | M52: 0 | N52: 0 | O52: 0 | P52: 0 | Q52: 0 | R52: 0 | S52: 0 | T52: 0 | U52: 0 | V52: 0 | W52: 0 | X52: 0 | Y52: 0 | Z52: 0 | AA52: 0
C53: Capitalised development | D53: $m
C54: AISC | D54: $m
C55: Payable copper sold | D55: Mlbs
C56: AISC | D56: A$/lb
C57: AISC | D57: US$/lb
C58: Growth Capital | D58: $m
C59: Group Exploration | D59: =D50 -> $m | E59: 2.4748295 | F59: 2.0209402 | G59: 2.2427488 | H59: 0.96074737 | I59: 2.6994219 | J59: 3.0637074 | K59: 2.8754769 | L59: 2.1904963 | M59: 0.20701684 | N59: 1.2554211 | O59: 2.0652084 | P59: 1.0722228 | Q59: 1.4355727 | R59: 1.0463486 | S59: 1.3526687 | T59: 0.57947352 | U59: 1.2090513 | V59: 2.3376125 | W59: 3.0308565 | X59: 4.4815131 | Y59: 2.3003068 | Z59: 3.8128932 | AA59: 2.9863715
C61: 29Metals Group | D61: Unit
C62: Mining (excl. CapDev) | D62: $m | E62: =SUM(E38,'Golden_Grove_Stats (Q)'!E76,'Capricorn_Copper_Stats (Q)'!E53) -> 66.209646 | F62: =SUM(F38,'Golden_Grove_Stats (Q)'!F76,'Capricorn_Copper_Stats (Q)'!F53) -> 66.081415 | G62: =SUM(G38,'Golden_Grove_Stats (Q)'!G76,'Capricorn_Copper_Stats (Q)'!G53) -> 71.339686 | H62: =SUM(H38,'Golden_Grove_Stats (Q)'!H76,'Capricorn_Copper_Stats (Q)'!H53) -> 74.906502 | I62: =SUM(I38,'Golden_Grove_Stats (Q)'!I76,'Capricorn_Copper_Stats (Q)'!I53) -> 68.835231 | J62: =SUM(J38,'Golden_Grove_Stats (Q)'!J76,'Capricorn_Copper_Stats (Q)'!J53) -> 71.070462 | K62: =SUM(K38,'Golden_Grove_Stats (Q)'!K76,'Capricorn_Copper_Stats (Q)'!K53) -> 78.141045 | L62: =SUM(L38,'Golden_Grove_Stats (Q)'!L76,'Capricorn_Copper_Stats (Q)'!L53) -> 90.050711 | ... AA62: =SUM(AA38,'Golden_Grove_Stats (Q)'!AA76,'Capricorn_Copper_Stats (Q)'!AA53) -> 68.957109
C63: Processing | D63: $m | E63: =SUM(E39,'Golden_Grove_Stats (Q)'!E77,'Capricorn_Copper_Stats (Q)'!E54) -> 27.401763 | F63: =SUM(F39,'Golden_Grove_Stats (Q)'!F77,'Capricorn_Copper_Stats (Q)'!F54) -> 29.328856 | G63: =SUM(G39,'Golden_Grove_Stats (Q)'!G77,'Capricorn_Copper_Stats (Q)'!G54) -> 28.011039 | H63: =SUM(H39,'Golden_Grove_Stats (Q)'!H77,'Capricorn_Copper_Stats (Q)'!H54) -> 29.283702 | I63: =SUM(I39,'Golden_Grove_Stats (Q)'!I77,'Capricorn_Copper_Stats (Q)'!I54) -> 30.914435 | J63: =SUM(J39,'Golden_Grove_Stats (Q)'!J77,'Capricorn_Copper_Stats (Q)'!J54) -> 32.071943 | K63: =SUM(K39,'Golden_Grove_Stats (Q)'!K77,'Capricorn_Copper_Stats (Q)'!K54) -> 34.76249 | L63: =SUM(L39,'Golden_Grove_Stats (Q)'!L77,'Capricorn_Copper_Stats (Q)'!L54) -> 37.611969 | ... AA63: =SUM(AA39,'Golden_Grove_Stats (Q)'!AA77,'Capricorn_Copper_Stats (Q)'!AA54) -> 31.941557
C64: G&A | D64: $m | E64: =SUM(E40,'Golden_Grove_Stats (Q)'!E78,'Capricorn_Copper_Stats (Q)'!E55) -> 11.930855 | F64: =SUM(F40,'Golden_Grove_Stats (Q)'!F78,'Capricorn_Copper_Stats (Q)'!F55) -> 13.321396 | G64: =SUM(G40,'Golden_Grove_Stats (Q)'!G78,'Capricorn_Copper_Stats (Q)'!G55) -> 13.36996 | H64: =SUM(H40,'Golden_Grove_Stats (Q)'!H78,'Capricorn_Copper_Stats (Q)'!H55) -> 15.930097 | I64: =SUM(I40,'Golden_Grove_Stats (Q)'!I78,'Capricorn_Copper_Stats (Q)'!I55) -> 16.4576 | J64: =SUM(J40,'Golden_Grove_Stats (Q)'!J78,'Capricorn_Copper_Stats (Q)'!J55) -> 18.311063 | K64: =SUM(K40,'Golden_Grove_Stats (Q)'!K78,'Capricorn_Copper_Stats (Q)'!K55) -> 16.076973 | L64: =SUM(L40,'Golden_Grove_Stats (Q)'!L78,'Capricorn_Copper_Stats (Q)'!L55) -> 16.381736 | ... AA64: =SUM(AA40,'Golden_Grove_Stats (Q)'!AA78,'Capricorn_Copper_Stats (Q)'!AA55) -> 7.2538294
C65: Concentrate transport | D65: $m | E65: =SUM(E41,'Golden_Grove_Stats (Q)'!E79,'Capricorn_Copper_Stats (Q)'!E56) -> 5.989298 | F65: =SUM(F41,'Golden_Grove_Stats (Q)'!F79,'Capricorn_Copper_Stats (Q)'!F56) -> 7.6737127 | G65: =SUM(G41,'Golden_Grove_Stats (Q)'!G79,'Capricorn_Copper_Stats (Q)'!G56) -> 8.953663 | H65: =SUM(H41,'Golden_Grove_Stats (Q)'!H79,'Capricorn_Copper_Stats (Q)'!H56) -> 10.705102 | I65: =SUM(I41,'Golden_Grove_Stats (Q)'!I79,'Capricorn_Copper_Stats (Q)'!I56) -> 11.856516 | J65: =SUM(J41,'Golden_Grove_Stats (Q)'!J79,'Capricorn_Copper_Stats (Q)'!J56) -> 11.460686 | K65: =SUM(K41,'Golden_Grove_Stats (Q)'!K79,'Capricorn_Copper_Stats (Q)'!K56) -> 12.89752 | L65: =SUM(L41,'Golden_Grove_Stats (Q)'!L79,'Capricorn_Copper_Stats (Q)'!L56) -> 12.400984 | ... AA65: =SUM(AA41,'Golden_Grove_Stats (Q)'!AA79,'Capricorn_Copper_Stats (Q)'!AA56) -> 2.6088932
C66: TCRC's | D66: $m | E66: =SUM(E42,'Golden_Grove_Stats (Q)'!E80,'Capricorn_Copper_Stats (Q)'!E57) -> 11.675877 | F66: =SUM(F42,'Golden_Grove_Stats (Q)'!F80,'Capricorn_Copper_Stats (Q)'!F57) -> 12.202338 | G66: =SUM(G42,'Golden_Grove_Stats (Q)'!G80,'Capricorn_Copper_Stats (Q)'!G57) -> 14.177615 | H66: =SUM(H42,'Golden_Grove_Stats (Q)'!H80,'Capricorn_Copper_Stats (Q)'!H57) -> 22.084687 | I66: =SUM(I42,'Golden_Grove_Stats (Q)'!I80,'Capricorn_Copper_Stats (Q)'!I57) -> 20.720513 | J66: =SUM(J42,'Golden_Grove_Stats (Q)'!J80,'Capricorn_Copper_Stats (Q)'!J57) -> 20.113414 | K66: =SUM(K42,'Golden_Grove_Stats (Q)'!K80,'Capricorn_Copper_Stats (Q)'!K57) -> 16.223154 | L66: =SUM(L42,'Golden_Grove_Stats (Q)'!L80,'Capricorn_Copper_Stats (Q)'!L57) -> 21.151913 | ... AA66: =SUM(AA42,'Golden_Grove_Stats (Q)'!AA80,'Capricorn_Copper_Stats (Q)'!AA57) -> 0.56464312
C67: Stockpile movements | D67: $m | E67: =SUM(E43,'Golden_Grove_Stats (Q)'!E81,'Capricorn_Copper_Stats (Q)'!E58) -> -12.696996 | F67: =SUM(F43,'Golden_Grove_Stats (Q)'!F81,'Capricorn_Copper_Stats (Q)'!F58) -> -5.8022714 | G67: =SUM(G43,'Golden_Grove_Stats (Q)'!G81,'Capricorn_Copper_Stats (Q)'!G58) -> -12.446314 | H67: =SUM(H43,'Golden_Grove_Stats (Q)'!H81,'Capricorn_Copper_Stats (Q)'!H58) -> -1.45391 | I67: =SUM(I43,'Golden_Grove_Stats (Q)'!I81,'Capricorn_Copper_Stats (Q)'!I58) -> 3.0179008 | J67: =SUM(J43,'Golden_Grove_Stats (Q)'!J81,'Capricorn_Copper_Stats (Q)'!J58) -> -11.690388 | K67: =SUM(K43,'Golden_Grove_Stats (Q)'!K81,'Capricorn_Copper_Stats (Q)'!K58) -> -6.3553099 | L67: =SUM(L43,'Golden_Grove_Stats (Q)'!L81,'Capricorn_Copper_Stats (Q)'!L58) -> -2.5262716 | ... AA67: =SUM(AA43,'Golden_Grove_Stats (Q)'!AA81,'Capricorn_Copper_Stats (Q)'!AA58) -> -35.790539
C68: By-products | D68: $m | E68: =SUM(E44,'Golden_Grove_Stats (Q)'!E82,'Capricorn_Copper_Stats (Q)'!E59) -> -37.618925 | F68: =SUM(F44,'Golden_Grove_Stats (Q)'!F82,'Capricorn_Copper_Stats (Q)'!F59) -> -78.539708 | G68: =SUM(G44,'Golden_Grove_Stats (Q)'!G82,'Capricorn_Copper_Stats (Q)'!G59) -> -68.05657 | H68: =SUM(H44,'Golden_Grove_Stats (Q)'!H82,'Capricorn_Copper_Stats (Q)'!H59) -> -92.384954 | I68: =SUM(I44,'Golden_Grove_Stats (Q)'!I82,'Capricorn_Copper_Stats (Q)'!I59) -> -85.016227 | J68: =SUM(J44,'Golden_Grove_Stats (Q)'!J82,'Capricorn_Copper_Stats (Q)'!J59) -> -66.989959 | K68: =SUM(K44,'Golden_Grove_Stats (Q)'!K82,'Capricorn_Copper_Stats (Q)'!K59) -> -59.040191 | L68: =SUM(L44,'Golden_Grove_Stats (Q)'!L82,'Capricorn_Copper_Stats (Q)'!L59) -> -109.48088 | ... AA68: =SUM(AA44,'Golden_Grove_Stats (Q)'!AA82,'Capricorn_Copper_Stats (Q)'!AA59) -> -14.933436
C69: C1 Costs | D69: $m | E69: =SUM(E62:E68) -> 72.891518 | F69: =SUM(F62:F68) -> 44.265738 | G69: =SUM(G62:G68) -> 55.34908 | H69: =SUM(H62:H68) -> 59.071226 | I69: =SUM(I62:I68) -> 66.785969 | J69: =SUM(J62:J68) -> 74.347221 | K69: =SUM(K62:K68) -> 92.705682 | L69: =SUM(L62:L68) -> 65.590164 | ... Q69: =SUM(Q62:Q68) -> 111.93823 | R69: N/a | S69: N/a | T69: N/a | U69: N/a | V69: N/a | W69: N/a | X69: N/a | Y69: N/a | Z69: N/a | AA69: N/a
C70: Payable copper sold | D70: Mlbs | E70: ='Golden_Grove_Stats (Q)'!E84+'Capricorn_Copper_Stats (Q)'!E61 -> 15.231507 | F70: ='Golden_Grove_Stats (Q)'!F84+'Capricorn_Copper_Stats (Q)'!F61 -> 18.569292 | G70: ='Golden_Grove_Stats (Q)'!G84+'Capricorn_Copper_Stats (Q)'!G61 -> 22.413115 | H70: ='Golden_Grove_Stats (Q)'!H84+'Capricorn_Copper_Stats (Q)'!H61 -> 25.85106 | I70: ='Golden_Grove_Stats (Q)'!I84+'Capricorn_Copper_Stats (Q)'!I61 -> 21.425212 | J70: ='Golden_Grove_Stats (Q)'!J84+'Capricorn_Copper_Stats (Q)'!J61 -> 21.184189 | K70: ='Golden_Grove_Stats (Q)'!K84+'Capricorn_Copper_Stats (Q)'!K61 -> 26.428209 | L70: ='Golden_Grove_Stats (Q)'!L84+'Capricorn_Copper_Stats (Q)'!L61 -> 15.611136 | ... AA70: ='Golden_Grove_Stats (Q)'!AA84+'Capricorn_Copper_Stats (Q)'!AA61 -> 8.1415383
C71: C1 Costs | D71: A$/lb | E71: =E69/E70 -> 4.7855748 | F71: =F69/F70 -> 2.383814 | G71: =G69/G70 -> 2.4694952 | H71: =H69/H70 -> 2.2850601 | I71: =I69/I70 -> 3.1171673 | J71: =J69/J70 -> 3.5095618 | K71: =K69/K70 -> 3.5078306 | L71: =L69/L70 -> 4.2014984 | ... Q71: =Q69/Q70 -> 7.3861644 | R71: N/a | S71: N/a | T71: N/a | U71: N/a | V71: N/a | W71: N/a | X71: N/a | Y71: N/a | Z71: N/a | AA71: N/a
C72: C1 Costs | D72: US$/lb | E72: =E71*E$10 -> 3.6977057 | F72: =F71*F$10 -> 1.8360335 | G72: =G71*G$10 -> 1.813918 | H72: =H71*H$10 -> 1.6651625 | I72: =I71*I$10 -> 2.2585995 | J72: =J71*J$10 -> 2.5065964 | K72: =K71*K$10 -> 2.396712 | L72: =L71*L$10 -> 2.7628437 | ... Q72: =Q71*Q$10 -> 4.8553743 | R72: N/a | S72: N/a | T72: N/a | U72: N/a | V72: N/a | W72: N/a | X72: N/a | Y72: N/a | Z72: N/a | AA72: N/a
C73: C1 Costs | D73: $m | E73: =E69 -> 72.891518 | F73: =F69 -> 44.265738 | G73: =G69 -> 55.34908 | H73: =H69 -> 59.071226 | I73: =I69 -> 66.785969 | J73: =J69 -> 74.347221 | K73: =K69 -> 92.705682 | L73: =L69 -> 65.590164 | ... Q73: =Q69 -> 111.93823 | R73: N/a | S73: N/a | T73: N/a | U73: N/a | V73: N/a | W73: N/a | X73: N/a | Y73: N/a | Z73: N/a | AA73: N/a
C74: Royalties | D74: $m | E74: =SUM(E50,'Golden_Grove_Stats (Q)'!E88,'Capricorn_Copper_Stats (Q)'!E65) -> 5.1205405 | F74: =SUM(F50,'Golden_Grove_Stats (Q)'!F88,'Capricorn_Copper_Stats (Q)'!F65) -> 8.7200357 | G74: =SUM(G50,'Golden_Grove_Stats (Q)'!G88,'Capricorn_Copper_Stats (Q)'!G65) -> 7.2647582 | H74: =SUM(H50,'Golden_Grove_Stats (Q)'!H88,'Capricorn_Copper_Stats (Q)'!H65) -> 10.05416 | I74: =SUM(I50,'Golden_Grove_Stats (Q)'!I88,'Capricorn_Copper_Stats (Q)'!I65) -> 9.3526628 | J74: =SUM(J50,'Golden_Grove_Stats (Q)'!J88,'Capricorn_Copper_Stats (Q)'!J65) -> 7.3611201 | K74: =SUM(K50,'Golden_Grove_Stats (Q)'!K88,'Capricorn_Copper_Stats (Q)'!K65) -> 7.5829513 | L74: =SUM(L50,'Golden_Grove_Stats (Q)'!L88,'Capricorn_Copper_Stats (Q)'!L65) -> 7.219672 | ... AA74: =SUM(AA50,'Golden_Grove_Stats (Q)'!AA88,'Capricorn_Copper_Stats (Q)'!AA65) -> 4.1098915
C75: Corporate | D75: $m | E75: =SUM(E51,'Golden_Grove_Stats (Q)'!E89,'Capricorn_Copper_Stats (Q)'!E66) -> 4.1010092 | F75: =SUM(F51,'Golden_Grove_Stats (Q)'!F89,'Capricorn_Copper_Stats (Q)'!F66) -> 4.1010092 | G75: =SUM(G51,'Golden_Grove_Stats (Q)'!G89,'Capricorn_Copper_Stats (Q)'!G66) -> 3.5778046 | H75: =SUM(H51,'Golden_Grove_Stats (Q)'!H89,'Capricorn_Copper_Stats (Q)'!H66) -> 6.2154808 | I75: =SUM(I51,'Golden_Grove_Stats (Q)'!I89,'Capricorn_Copper_Stats (Q)'!I66) -> 5.3059183 | J75: =SUM(J51,'Golden_Grove_Stats (Q)'!J89,'Capricorn_Copper_Stats (Q)'!J66) -> 5.4105378 | K75: =SUM(K51,'Golden_Grove_Stats (Q)'!K89,'Capricorn_Copper_Stats (Q)'!K66) -> 5.200676 | L75: =SUM(L51,'Golden_Grove_Stats (Q)'!L89,'Capricorn_Copper_Stats (Q)'!L66) -> 6.1949555 | ... AA75: =SUM(AA51,'Golden_Grove_Stats (Q)'!AA89,'Capricorn_Copper_Stats (Q)'!AA66) -> 7.4183202
C76: Sustaining capital | D76: $m | E76: =SUM(E52,'Golden_Grove_Stats (Q)'!E90,'Capricorn_Copper_Stats (Q)'!E67) -> 4.0219846 | F76: =SUM(F52,'Golden_Grove_Stats (Q)'!F90,'Capricorn_Copper_Stats (Q)'!F67) -> 3.7229903 | G76: =SUM(G52,'Golden_Grove_Stats (Q)'!G90,'Capricorn_Copper_Stats (Q)'!G67) -> 8.7349466 | H76: =SUM(H52,'Golden_Grove_Stats (Q)'!H90,'Capricorn_Copper_Stats (Q)'!H67) -> 19.188334 | I76: =SUM(I52,'Golden_Grove_Stats (Q)'!I90,'Capricorn_Copper_Stats (Q)'!I67) -> 10.922942 | J76: =SUM(J52,'Golden_Grove_Stats (Q)'!J90,'Capricorn_Copper_Stats (Q)'!J67) -> 9.2454954 | K76: =SUM(K52,'Golden_Grove_Stats (Q)'!K90,'Capricorn_Copper_Stats (Q)'!K67) -> 12.95734 | L76: =SUM(L52,'Golden_Grove_Stats (Q)'!L90,'Capricorn_Copper_Stats (Q)'!L67) -> 13.04179 | ... AA76: =SUM(AA52,'Golden_Grove_Stats (Q)'!AA90,'Capricorn_Copper_Stats (Q)'!AA67) -> 4.3521018
C77: Capitalised development | D77: $m | E77: =SUM(E53,'Golden_Grove_Stats (Q)'!E91,'Capricorn_Copper_Stats (Q)'!E68) -> 13.096405 | F77: =SUM(F53,'Golden_Grove_Stats (Q)'!F91,'Capricorn_Copper_Stats (Q)'!F68) -> 13.034654 | G77: =SUM(G53,'Golden_Grove_Stats (Q)'!G91,'Capricorn_Copper_Stats (Q)'!G68) -> 17.194826 | H77: =SUM(H53,'Golden_Grove_Stats (Q)'!H91,'Capricorn_Copper_Stats (Q)'!H68) -> 12.887622 | I77: =SUM(I53,'Golden_Grove_Stats (Q)'!I91,'Capricorn_Copper_Stats (Q)'!I68) -> 12.051589 | J77: =SUM(J53,'Golden_Grove_Stats (Q)'!J91,'Capricorn_Copper_Stats (Q)'!J68) -> 9.6704415 | K77: =SUM(K53,'Golden_Grove_Stats (Q)'!K91,'Capricorn_Copper_Stats (Q)'!K68) -> 11.620334 | L77: =SUM(L53,'Golden_Grove_Stats (Q)'!L91,'Capricorn_Copper_Stats (Q)'!L68) -> 11.061011 | ... AA77: =SUM(AA53,'Golden_Grove_Stats (Q)'!AA91,'Capricorn_Copper_Stats (Q)'!AA68) -> 8.9465113
C78: AISC | D78: $m | E78: =SUM(E73:E77) -> 99.231458 | F78: =SUM(F73:F77) -> 73.844428 | G78: =SUM(G73:G77) -> 92.121415 | H78: =SUM(H73:H77) -> 107.41682 | I78: =SUM(I73:I77) -> 104.41908 | J78: =SUM(J73:J77) -> 106.03482 | K78: =SUM(K73:K77) -> 130.06698 | L78: =SUM(L73:L77) -> 103.10759 | ... Q78: =SUM(Q73:Q77) -> 139.20783 | R78: N/a | S78: N/a | T78: N/a | U78: N/a | V78: N/a | W78: N/a | X78: N/a | Y78: N/a | Z78: N/a | AA78: N/a
C79: Payable copper sold | D79: Mlbs | E79: =E70 -> 15.231507 | F79: =F70 -> 18.569292 | G79: =G70 -> 22.413115 | H79: =H70 -> 25.85106 | I79: =I70 -> 21.425212 | J79: =J70 -> 21.184189 | K79: =K70 -> 26.428209 | L79: =L70 -> 15.611136 | ... AA79: =AA70 -> 8.1415383
C80: AISC | D80: A$/lb | E80: =E78/E79 -> 6.514881 | F80: =F78/F79 -> 3.9766959 | G80: =G78/G79 -> 4.1101568 | H80: =H78/H79 -> 4.1552192 | I80: =I78/I79 -> 4.8736545 | J80: =J78/J79 -> 5.0053752 | K80: =K78/K79 -> 4.9215209 | L80: =L78/L79 -> 6.6047462 | ... Q80: =Q78/Q79 -> 9.1855293 | R80: N/a | S80: N/a | T80: N/a | U80: N/a | V80: N/a | W80: N/a | X80: N/a | Y80: N/a | Z80: N/a | AA80: N/a
C81: AISC | D81: US$/lb | E81: =E80*E$10 -> 5.0339015 | F81: =F80*F$10 -> 3.0628844 | G81: =G80*G$10 -> 3.0190329 | H81: =H80*H$10 -> 3.0279796 | I81: =I80*I$10 -> 3.531294 | J81: =J80*J$10 -> 3.574935 | K81: =K80*K$10 -> 3.3626105 | L81: =L80*L$10 -> 4.3431842 | ... Q81: =Q80*Q$10 -> 6.038206 | R81: N/a | S81: N/a | T81: N/a | U81: N/a | V81: N/a | W81: N/a | X81: N/a | Y81: N/a | Z81: N/a | AA81: N/a
C82: Growth capital | D82: $m | E82: =SUM(E58,'Golden_Grove_Stats (Q)'!E96,'Capricorn_Copper_Stats (Q)'!E73) -> 1.891967 | F82: =SUM(F58,'Golden_Grove_Stats (Q)'!F96,'Capricorn_Copper_Stats (Q)'!F73) -> 3.7371112 | G82: =SUM(G58,'Golden_Grove_Stats (Q)'!G96,'Capricorn_Copper_Stats (Q)'!G73) -> 1.5011097 | H82: =SUM(H58,'Golden_Grove_Stats (Q)'!H96,'Capricorn_Copper_Stats (Q)'!H73) -> 4.1699842 | I82: =SUM(I58,'Golden_Grove_Stats (Q)'!I96,'Capricorn_Copper_Stats (Q)'!I73) -> 3.300889 | J82: =SUM(J58,'Golden_Grove_Stats (Q)'!J96,'Capricorn_Copper_Stats (Q)'!J73) -> 3.4384282 | K82: =SUM(K58,'Golden_Grove_Stats (Q)'!K96,'Capricorn_Copper_Stats (Q)'!K73) -> 2.5029181 | L82: =SUM(L58,'Golden_Grove_Stats (Q)'!L96,'Capricorn_Copper_Stats (Q)'!L73) -> 0.89095783 | ... AA82: =SUM(AA58,'Golden_Grove_Stats (Q)'!AA96,'Capricorn_Copper_Stats (Q)'!AA73) -> 27.723326
C83: Group exploration | D83: =D74 -> $m | E83: =E59 -> 2.4748295 | F83: =F59 -> 2.0209402 | G83: =G59 -> 2.2427488 | H83: =H59 -> 0.96074737 | I83: =I59 -> 2.6994219 | J83: =J59 -> 3.0637074 | K83: =K59 -> 2.8754769 | L83: =L59 -> 2.1904963 | ... AA83: =AA59 -> 2.9863715
B85: Revenue
D87: Unit
C88: Group Gross Revenue | D88: $m | E88: =SUM(E89:E93) -> 126.36499 | F88: =SUM(F89:F93) -> 194.45525 | G88: =SUM(G89:G93) -> 200.38768 | H88: =SUM(H89:H93) -> 249.13432 | I88: =SUM(I89:I93) -> 219.5694 | J88: =SUM(J89:J93) -> 208.94513 | K88: =SUM(K89:K93) -> 180.79647 | L88: =SUM(L89:L93) -> 184.06177 | ... AA88: =SUM(AA89:AA93) -> 94.099859
C89: Copper | D89: $m | E89: ='Golden_Grove_Stats (Q)'!E102+'Capricorn_Copper_Stats (Q)'!E82 -> 88.584835 | F89: ='Golden_Grove_Stats (Q)'!F102+'Capricorn_Copper_Stats (Q)'!F82 -> 117.13444 | G89: ='Golden_Grove_Stats (Q)'!G102+'Capricorn_Copper_Stats (Q)'!G82 -> 132.58036 | H89: ='Golden_Grove_Stats (Q)'!H102+'Capricorn_Copper_Stats (Q)'!H82 -> 158.93268 | I89: ='Golden_Grove_Stats (Q)'!I102+'Capricorn_Copper_Stats (Q)'!I82 -> 136.57293 | J89: ='Golden_Grove_Stats (Q)'!J102+'Capricorn_Copper_Stats (Q)'!J82 -> 129.52778 | K89: ='Golden_Grove_Stats (Q)'!K102+'Capricorn_Copper_Stats (Q)'!K82 -> 123.77122 | L89: ='Golden_Grove_Stats (Q)'!L102+'Capricorn_Copper_Stats (Q)'!L82 -> 81.213599 | ... AA89: ='Golden_Grove_Stats (Q)'!AA102+'Capricorn_Copper_Stats (Q)'!AA82 -> 79.19214
C90: Zinc | D90: $m | E90: ='Golden_Grove_Stats (Q)'!E103+'Capricorn_Copper_Stats (Q)'!E83 -> 24.763392 | F90: ='Golden_Grove_Stats (Q)'!F103+'Capricorn_Copper_Stats (Q)'!F83 -> 43.187384 | G90: ='Golden_Grove_Stats (Q)'!G103+'Capricorn_Copper_Stats (Q)'!G83 -> 34.227989 | H90: ='Golden_Grove_Stats (Q)'!H103+'Capricorn_Copper_Stats (Q)'!H83 -> 62.029676 | I90: ='Golden_Grove_Stats (Q)'!I103+'Capricorn_Copper_Stats (Q)'!I83 -> 60.365554 | J90: ='Golden_Grove_Stats (Q)'!J103+'Capricorn_Copper_Stats (Q)'!J83 -> 56.355859 | K90: ='Golden_Grove_Stats (Q)'!K103+'Capricorn_Copper_Stats (Q)'!K83 -> 41.432818 | L90: ='Golden_Grove_Stats (Q)'!L103+'Capricorn_Copper_Stats (Q)'!L83 -> 81.897699 | ... AA90: ='Golden_Grove_Stats (Q)'!AA103+'Capricorn_Copper_Stats (Q)'!AA83 -> -0.52617998
C91: Gold | D91: $m | E91: ='Golden_Grove_Stats (Q)'!E104+'Capricorn_Copper_Stats (Q)'!E84 -> 6.4510271 | F91: ='Golden_Grove_Stats (Q)'!F104+'Capricorn_Copper_Stats (Q)'!F84 -> 17.458929 | G91: ='Golden_Grove_Stats (Q)'!G104+'Capricorn_Copper_Stats (Q)'!G84 -> 23.366345 | H91: ='Golden_Grove_Stats (Q)'!H104+'Capricorn_Copper_Stats (Q)'!H84 -> 18.215506 | I91: ='Golden_Grove_Stats (Q)'!I104+'Capricorn_Copper_Stats (Q)'!I84 -> 13.886928 | J91: ='Golden_Grove_Stats (Q)'!J104+'Capricorn_Copper_Stats (Q)'!J84 -> 16.077512 | K91: ='Golden_Grove_Stats (Q)'!K104+'Capricorn_Copper_Stats (Q)'!K84 -> 10.249693 | L91: ='Golden_Grove_Stats (Q)'!L104+'Capricorn_Copper_Stats (Q)'!L84 -> 13.381457 | ... AA91: ='Golden_Grove_Stats (Q)'!AA104+'Capricorn_Copper_Stats (Q)'!AA84 -> 9.4844164
C92: Silver | D92: $m | E92: ='Golden_Grove_Stats (Q)'!E105+'Capricorn_Copper_Stats (Q)'!E85 -> 6.5657411 | F92: ='Golden_Grove_Stats (Q)'!F105+'Capricorn_Copper_Stats (Q)'!F85 -> 14.209482 | G92: ='Golden_Grove_Stats (Q)'!G105+'Capricorn_Copper_Stats (Q)'!G85 -> 8.5758219 | H92: ='Golden_Grove_Stats (Q)'!H105+'Capricorn_Copper_Stats (Q)'!H85 -> 9.956458 | I92: ='Golden_Grove_Stats (Q)'!I105+'Capricorn_Copper_Stats (Q)'!I85 -> 8.9560531 | J92: ='Golden_Grove_Stats (Q)'!J105+'Capricorn_Copper_Stats (Q)'!J85 -> 6.9839806 | K92: ='Golden_Grove_Stats (Q)'!K105+'Capricorn_Copper_Stats (Q)'!K85 -> 5.3427375 | L92: ='Golden_Grove_Stats (Q)'!L105+'Capricorn_Copper_Stats (Q)'!L85 -> 7.5690161 | ... AA92: ='Golden_Grove_Stats (Q)'!AA105+'Capricorn_Copper_Stats (Q)'!AA85 -> 5.9494826
C93: Lead | D93: $m | E93: ='Golden_Grove_Stats (Q)'!E106+'Capricorn_Copper_Stats (Q)'!E86 -> 0 | F93: ='Golden_Grove_Stats (Q)'!F106+'Capricorn_Copper_Stats (Q)'!F86 -> 2.4650169 | G93: ='Golden_Grove_Stats (Q)'!G106+'Capricorn_Copper_Stats (Q)'!G86 -> 1.6371663 | H93: ='Golden_Grove_Stats (Q)'!H106+'Capricorn_Copper_Stats (Q)'!H86 -> 0 | I93: ='Golden_Grove_Stats (Q)'!I106+'Capricorn_Copper_Stats (Q)'!I86 -> -0.212063 | J93: ='Golden_Grove_Stats (Q)'!J106+'Capricorn_Copper_Stats (Q)'!J86 -> 0 | K93: ='Golden_Grove_Stats (Q)'!K106+'Capricorn_Copper_Stats (Q)'!K86 -> 0 | L93: ='Golden_Grove_Stats (Q)'!L106+'Capricorn_Copper_Stats (Q)'!L86 -> 0 | ... AA93: ='Golden_Grove_Stats (Q)'!AA106+'Capricorn_Copper_Stats (Q)'!AA86 -> 0
C94: Gross revenue is shown inclusive of final invoice and realised quotational period (‘QP’) adjustments, but excluding hedging gains/losses, TCRC and unrealised QP adjustments

Sheet Golden_Grove_Stats (Q)
A1: 29Metals
A2: Golden Grove
A3: ='Terms of Use and Important Info'!$A$3 -> For period ending 30-Sep-2026
A4: Note: refer to Terms of Use and Important Information
C7: Description | E7: 44286 | F7: =EOMONTH(E$7,3) -> 44377 | G7: =EOMONTH(F$7,3) -> 44469 | H7: =EOMONTH(G$7,3) -> 44561 | I7: =EOMONTH(H$7,3) -> 44651 | J7: =EOMONTH(I$7,3) -> 44742 | K7: =EOMONTH(J$7,3) -> 44834 | L7: =EOMONTH(K$7,3) -> 44926 | M7: =EOMONTH(L$7,3) -> 45016 | ... AA7: =EOMONTH(Z$7,3) -> 46295
C9: Conversions | D9: Unit
C10: AUD:USD | D10: FX | E10: ='29Metals_Group_Stats (Q)'!E10 -> 0.77267743 | F10: ='29Metals_Group_Stats (Q)'!F10 -> 0.77020836 | G10: ='29Metals_Group_Stats (Q)'!G10 -> 0.73452985 | H10: ='29Metals_Group_Stats (Q)'!H10 -> 0.72871716 | I10: ='29Metals_Group_Stats (Q)'!I10 -> 0.72456797 | J10: ='29Metals_Group_Stats (Q)'!J10 -> 0.7142192 | K10: ='29Metals_Group_Stats (Q)'!K10 -> 0.68324621 | L10: ='29Metals_Group_Stats (Q)'!L10 -> 0.65758533 | ... AA10: ='29Metals_Group_Stats (Q)'!AA10 -> 0.706
C12: Pounds per tonne | D12: ='29Metals_Group_Stats (Q)'!D12 -> 2204.623
B14: Executive Summary
C16: Golden Grove | D16: Unit
C17: TRIFR | D17: mmhrs | E17: 8.6804284 | F17: 8.86002 | G17: 12.20259 | H17: 11.520434 | I17: 14.001131 | J17: 13.986131 | K17: 10.352683 | L17: 11.302403 | M17: 9.440689 | N17: 9.9094097 | O17: 9.098083 | P17: 7.117617 | Q17: 7.1822391 | R17: 10.278262 | S17: 11.591103 | T17: 11.113918 | U17: 8.7879168 | V17: 6.7289964 | W17: 6.0333589 | X17: 6.9674629 | Y17: 9.781828 | Z17: 8.7902896 | AA17: 8.7609847
C18: LTIFR | D18: mmhrs | E18: 0 | F18: 0 | G18: 0 | H18: 0 | I18: 0.56004525 | J18: 0.55944525 | K18: 0.54487806 | L18: 1.614629 | M18: 1.0489654 | N18: 1.5646436 | O18: 2.1407254 | P18: 1.642527 | Q18: 1.6574398 | R18: 1.6228835 | S18: 2.1074732 | T18: 1.5155342 | U18: 1.4646528 | V18: 0.9612852 | W18: 0 | X18: 0 | Y18: 0 | Z18: 0 | AA18: 0
C19: Copper produced | D19: Tonnes | E19: 2799.441 | F19: 4628.407 | G19: 3280.146 | H19: 5307.3455 | I19: 4099.1469 | J19: 5533.4337 | K19: 4618.1221 | L19: 2687.2176 | M19: 3184.5069 | N19: 4216.4125 | O19: 5523.6281 | P19: 5171.0661 | Q19: 5771.4633 | R19: 6414.5471 | S19: 4367.0145 | T19: 5318.4664 | U19: 4083.6264 | V19: 5568.6754 | W19: 5750.433 | X19: 6856.2168 | Y19: 6431.4433 | Z19: 4762.1312 | AA19: 4208.0423
C20: Zinc produced | D20: Tonnes | E20: 7719.8725 | F20: 12391.769 | G20: 15518.177 | H20: 12126.132 | I20: 12235.414 | J20: 10787.344 | K20: 12514.157 | L20: 22038.668 | M20: 8686.338 | N20: 13477.35 | O20: 8607.0605 | P20: 20729.148 | Q20: 4696.7947 | R20: 15286.947 | S20: 19117.216 | T20: 17555.472 | U20: 17017.631 | V20: 12251.355 | W20: 1981.9933 | X20: 3418.382 | Y20: 78.460421 | Z20: 3113.2798 | AA20: 1992.3335
C21: Gold produced | D21: Ounces | E21: 5093.2999 | F21: 12926.631 | G21: 9035.0881 | H21: 8794.9776 | I21: 5054.7706 | J21: 8167.2096 | K21: 5234.2369 | L21: 8116.4539 | M21: 3040.9193 | N21: 2805.6924 | O21: 4280.7178 | P21: 3871.8967 | Q21: 2786.8502 | R21: 6367.2691 | S21: 6069.5712 | T21: 6149.502 | U21: 4970.5867 | V21: 5117.8496 | W21: 1992.3418 | X21: 3040.607 | Y21: 1123.5811 | Z21: 4744.7016 | AA21: 2111.7478
C22: Silver produced | D22: Ounces | E22: 188214.46 | F22: 510048.18 | G22: 339152.03 | H22: 458924.68 | I22: 288335.01 | J22: 285820.41 | K22: 268419.83 | L22: 478027.91 | M22: 171830.48 | N22: 213978.17 | O22: 196885.52 | P22: 192201.85 | Q22: 128343.83 | R22: 265442.77 | S22: 187751.99 | T22: 240605.44 | U22: 227161.52 | V22: 223353 | W22: 99786.539 | X22: 195788.71 | Y22: 105683.85 | Z22: 194925.99 | AA22: 93100.023
C23: Lead produced | D23: Tonnes | E23: 211.26686 | F23: 652.19173 | G23: 810.2558 | H23: 774.65863 | I23: 466.5772 | J23: 592.9948 | K23: 631.8523 | L23: 1073.412 | M23: 526.75043 | N23: 319.36516 | O23: 124.26874 | P23: 196.41235 | Q23: 72.567177 | R23: 121.69714 | S23: 371.20565 | T23: 347.28139 | U23: 213.11664 | V23: 225.7541 | W23: 60.763645 | X23: 68.733301 | Y23: 2.5129199 | Z23: 0 | AA23: 24.184834
C24: Payable copper sold | D24: Mlbs | E24: =E84 -> 5.5249073 | F24: =F84 -> 8.2304567 | G24: =G84 -> 7.1284324 | H24: =H84 -> 11.139873 | I24: =I84 -> 8.205146 | J24: =J84 -> 10.947086 | K24: =K84 -> 10.31355 | L24: =L84 -> 4.2209514 | ... AA24: =AA84 -> 8.1415383
C25: Site costs | D25: $m | E25: =SUM(E76:E78) -> 66.695678 | F25: =SUM(F76:F78) -> 67.593023 | G25: =SUM(G76:G78) -> 71.181929 | H25: =SUM(H76:H78) -> 73.680001 | I25: =SUM(I76:I78) -> 72.051763 | J25: =SUM(J76:J78) -> 73.989946 | K25: =SUM(K76:K78) -> 81.808118 | L25: =SUM(L76:L78) -> 93.123808 | ... AA25: =SUM(AA76:AA78) -> 107.94763
C26: C1 costs | D26: $m | E26: =E83 -> 27.44858 | F26: =F83 -> 3.3963429 | G26: =G83 -> 4.8755083 | H26: =H83 -> 9.1216721 | I26: =I83 -> 10.502003 | J26: =J83 -> 29.153329 | K26: =K83 -> 32.994904 | L26: =L83 -> 5.8551262 | ... AA26: =AA83 -> 60.397189
C27: C1 costs | D27: US$/lb Cu sold | E27: =E86 -> 3.8387791 | F27: =F86 -> 0.31783068 | G27: =G86 -> 0.50238343 | H27: =H86 -> 0.59669611 | I27: =I86 -> 0.92739543 | J27: =J86 -> 1.9020465 | K27: =K86 -> 2.1858276 | L27: =L86 -> 0.91217471 | ... AA27: =AA86 -> 5.2373906
C28: Capital | D28: $m | E28: =SUM(E90:E91,E96) -> 12.70031 | F28: =SUM(F90:F91,F96) -> 15.725293 | G28: =SUM(G90:G91,G96) -> 18.07027 | H28: =SUM(H90:H91,H96) -> 25.230954 | I28: =SUM(I90:I91,I96) -> 13.89782 | J28: =SUM(J90:J91,J96) -> 13.715659 | K28: =SUM(K90:K91,K96) -> 16.786468 | L28: =SUM(L90:L91,L96) -> 15.36841 | ... AA28: =SUM(AA90:AA91,AA96) -> 41.021939
C29: AISC | D29: $m | E29: =E92 -> 41.088091 | F29: =F92 -> 21.152647 | G29: =G92 -> 25.062033 | H29: =H92 -> 36.332766 | I29: =I92 -> 26.845447 | J29: =J92 -> 44.017102 | K29: =K92 -> 51.929032 | L29: =L92 -> 25.257381 | ... AA29: =AA92 -> 79.592799
C30: AISC | D30: US$/lb Cu sold | E30: =E95 -> 5.746312 | F30: =F95 -> 1.9794704 | G30: =G95 -> 2.5824488 | H30: =H95 -> 2.3767156 | I30: =I95 -> 2.3706283 | J30: =J95 -> 2.8718015 | K30: =K95 -> 3.4401649 | L30: =L95 -> 3.9348673 | ... AA30: =AA95 -> 6.9019532
B32: APPENDIX 1: PRODUCTION STATS
C34: Golden Grove | D34: Unit
C35: Ore mined | D35: kt | E35: 357.86213 | F35: 423.27507 | G35: 359.8922 | H35: 384.04102 | I35: 398.75426 | J35: 361.08492 | K35: 371.73939 | L35: 390.19925 | M35: 354.93269 | N35: 350.699 | O35: 420.923 | P35: 397.329 | Q35: 357.9257 | R35: 352.3382 | S35: 347.146 | T35: 416.837 | U35: 402.0678 | V35: 333.719 | W35: 344.203 | X35: 397.153 | Y35: 290.3826 | Z35: 298.93811 | AA35: 351.443
C36: Ore milled | D36: kt | E36: 278.39664 | F36: 369.33488 | G36: 391.93003 | H36: 365.24749 | I36: 393.84188 | J36: 387.21456 | K36: 335.54349 | L36: 430.57428 | M36: 315.067 | N36: 387.314 | O36: 419.538 | P36: 418.428 | Q36: 350.622 | R36: 385.2766 | S36: 355.151 | T36: 389.73 | U36: 342.6696 | V36: 385.496 | W36: 329.541 | X36: 391.307 | Y36: 305.38042 | Z36: 362.86532 | AA36: 301.48644
D37: kt, Cu ore | M37: 178.91511 | N37: 188.61728 | O37: 243.22772 | P37: 204.23034 | Q37: 257.14204 | R37: 117.73963 | S37: 129.14426 | T37: 128.89324 | U37: 153.17857 | V37: 209.09226 | W37: 294.99191 | X37: 311.38458 | Y37: 300.95445 | Z37: 291.00928 | AA37: 262.58358
D38: Kt, Zn ore | M38: 136.15119 | N38: 198.69721 | O38: 176.31023 | P38: 213.01498 | Q38: 93.479713 | R38: 267.53547 | S38: 226.00773 | T38: 260.83654 | U38: 189.3116 | V38: 176.40404 | W38: 34.54868 | X38: 79.923313 | Y38: 4.4259751 | Z38: 71.856036 | AA38: 38.902863
C39: Milled grade | D39: Copper (%) | E39: 0.011736173 | F39: 0.014442795 | G39: 0.0099250691 | H39: 0.01668667 | I39: 0.01247184 | J39: 0.016552822 | K39: 0.015485913 | L39: 0.0080854306 | M39: 0.011933659 | N39: 0.012448319 | O39: 0.015165766 | P39: 0.014573609 | Q39: 0.018739802 | R39: 0.019419083 | S39: 0.014475505 | T39: 0.015591739 | U39: 0.014133605 | V39: 0.017099151 | W39: 0.0195931 | X39: 0.01953168 | Y39: 0.022666573 | Z39: 0.014649225 | AA39: 0.015771306
D40: Zinc (%) | E40: 0.033087522 | F40: 0.039912478 | G40: 0.045648078 | H40: 0.03913528 | I40: 0.037519267 | J40: 0.033750623 | K40: 0.042806102 | L40: 0.057988053 | M40: 0.033691002 | N40: 0.039435041 | O40: 0.026613844 | P40: 0.055879573 | Q40: 0.018544154 | R40: 0.04808807 | S40: 0.063087321 | T40: 0.052187939 | U40: 0.056206024 | V40: 0.03998131 | W40: 0.010644587 | X40: 0.01399049 | Y40: 0.0041938959 | Z40: 0.014079885 | AA40: 0.010136407
D41: Gold (g/t) | E41: 0.89733074 | F41: 1.4221783 | G41: 0.99664582 | H41: 1.0216251 | I41: 0.73284204 | J41: 1.0722037 | K41: 0.72416627 | L41: 0.85141037 | M41: 0.49494109 | N41: 0.34080255 | O41: 0.50579691 | P41: 0.47937868 | Q41: 0.36816904 | R41: 0.84381628 | S41: 0.79927368 | T41: 0.77614226 | U41: 0.80452215 | V41: 0.88665081 | W41: 0.72224145 | X41: 0.41561877 | Y41: 0.27280279 | Z41: 0.72236948 | AA41: 0.43125352
D42: Silver (g/t) | E42: 28.88605 | F42: 53.289304 | G42: 36.342141 | H42: 49.523412 | I42: 33.4375 | J42: 33.072914 | K42: 34.338212 | L42: 47.095789 | M42: 26.440196 | N42: 24.909912 | O42: 21.905221 | P42: 21.27298 | Q42: 18.755822 | R42: 30.893612 | S42: 23.819155 | T42: 27.378021 | U42: 30.405178 | V42: 28.072099 | W42: 16.131435 | X42: 23.986808 | Y42: 16.647119 | Z42: 25.188872 | AA42: 17.855437
C43: Recovery | D43: Copper (%) | E43: 0.85680372 | F43: 0.86768075 | G43: 0.84323981 | H43: 0.87080408 | I43: 0.83452827 | J43: 0.86331837 | K43: 0.88875269 | L43: 0.77188212 | M43: 0.84696726 | N43: 0.87451781 | O43: 0.86813812 | P43: 0.85039657 | Q43: 0.87837931 | R43: 0.85736618 | S43: 0.84944774 | T43: 0.87524224 | U43: 0.8436163 | V43: 0.84480629 | W43: 0.89061186 | X43: 0.89707001 | Y43: 0.92914052 | Z43: 0.89586228 | AA43: 0.88500284
D44: Zinc (%) | E44: 0.83807405 | F44: 0.84062883 | G44: 0.86738053 | H44: 0.84833345 | I44: 0.82802301 | J44: 0.82543152 | K44: 0.87126095 | L44: 0.88266947 | M44: 0.81831562 | N44: 0.8823857 | O44: 0.77086088 | P44: 0.88907195 | Q44: 0.72236334 | R44: 0.82511117 | S44: 0.85323429 | T44: 0.86313508 | U44: 0.88403232 | V44: 0.79488975 | W44: 0.56502081 | X44: 0.62440885 | Y44: N/a | Z44: 0.60935951 | AA44: 0.65194386
D45: Gold (%) | E45: 0.63415024 | F45: 0.76545542 | G45: 0.71943561 | H45: 0.7331028 | I45: 0.54472601 | J45: 0.61186224 | K45: 0.67000239 | L45: 0.68863268 | M45: 0.60653848 | N45: 0.66112322 | O45: 0.62744854 | P45: 0.60209152 | Q45: 0.67148521 | R45: 0.60917673 | S45: 0.66505441 | T45: 0.63233026 | U45: 0.56108736 | V45: 0.46571864 | W45: 0.26036431 | X45: 0.5815077 | Y45: 0.41949171 | Z45: 0.56300596 | AA45: 0.50518513
D46: Silver (%) | E46: 0.72796463 | F46: 0.8060459 | G46: 0.74060103 | H46: 0.78913726 | I46: 0.68100548 | J46: 0.69418947 | K46: 0.72459975 | L46: 0.73321513 | M46: 0.64156772 | N46: 0.68983063 | O46: 0.66635216 | P46: 0.6735141 | Q46: 0.60702837 | R46: 0.69364973 | S46: 0.69032385 | T46: 0.70137249 | U46: 0.67849716 | V46: 0.64195654 | W46: 0.58384691 | X46: 0.64879204 | Y46: 0.64660234 | Z46: 0.66332217 | AA46: 0.53792343
C47: Cu concentrate produced | D47: dmt | E47: 13945.041 | F47: 25154.631 | G47: 17175.787 | H47: 27592.161 | I47: 20851.034 | J47: 28219.035 | K47: 22673.721 | L47: 12979.279 | M47: 16274.573 | N47: 22069.651 | O47: 27532.974 | P47: 25452.656 | Q47: 29521.219 | R47: 33607.005 | S47: 22475.218 | T47: 27430.262 | U47: 19739.9 | V47: 28263.431 | W47: 29393.231 | X47: 35504.959 | Y47: 33392.598 | Z47: 24566.193 | AA47: 21754.74
D48: Cu grade (%) | E48: 0.18737392 | F48: 0.18122495 | G48: 0.18311065 | H48: 0.19118438 | I48: 0.19356148 | J48: 0.1950821 | K48: 0.20033636 | L48: 0.19442795 | M48: 0.19109931 | N48: 0.18870871 | O48: 0.19965227 | P48: 0.2017047 | Q48: 0.19395211 | R48: 0.18975143 | S48: 0.19244539 | T48: 0.1915482 | U48: 0.20438818 | V48: 0.19240436 | W48: 0.19523479 | X48: 0.19257078 | Y48: 0.19252238 | Z48: 0.19384897 | AA48: 0.19299684
D49: Copper (t) | E49: 2612.937 | F49: 4558.6469 | G49: 3145.0694 | H49: 5275.1902 | I49: 4035.957 | J49: 5505.0286 | K49: 4542.3707 | L49: 2523.5346 | M49: 3110.0597 | N49: 4164.7355 | O49: 5497.0208 | P49: 5133.9204 | Q49: 5725.7026 | R49: 6376.9773 | S49: 4325.252 | T49: 5254.2173 | U49: 4034.6023 | V49: 5438.0072 | W49: 5738.5812 | X49: 6837.2177 | Y49: 6428.8224 | Z49: 4762.1312 | AA49: 4198.5961
D50: Gold (oz) | E50: 3256.7424 | F50: 11950.169 | G50: 7556.7949 | H50: 8176.0614 | I50: 4131.928 | J50: 7772.4101 | K50: 4588.829 | L50: 6606.5497 | M50: 2519.1574 | N50: 2379.0105 | O50: 3784.2634 | P50: 3064.763 | Q50: 2399.7761 | R50: 5272.015 | S50: 5548.5589 | T50: 5007.2661 | U50: 3772.7608 | V50: 3875.5898 | W50: 1944.1324 | X50: 2808.99 | Y50: 1112.7496 | Z50: 4591.0792 | AA50: 1964.3419
D51: Silver (oz) | E51: 122029.88 | F51: 394653.71 | G51: 194450.42 | H51: 320148.48 | I51: 187917.48 | J51: 191929.78 | K51: 154813 | L51: 281152.52 | M51: 85670.909 | N51: 126893.7 | O51: 147552.2 | P51: 125709.73 | Q51: 102019.58 | R51: 196791.69 | S51: 108610.46 | T51: 152573.58 | U51: 138142.15 | V51: 145486.84 | W51: 86543.955 | X51: 166581.24 | Y51: 104824.77 | Z51: 170630.19 | AA51: 79146.616
C52: Zn concentrate produced | D52: dmt | E52: 15278.722 | F52: 24998.895 | G52: 31410.145 | H52: 25352.73 | I52: 25323.586 | J52: 22329.407 | K52: 24084.515 | L52: 44635.003 | M52: 16879.876 | N52: 26612.787 | O52: 17637.823 | P52: 41764.82 | Q52: 9301.019 | R52: 32172.507 | S52: 38695.658 | T52: 36312.359 | U52: 34471.251 | V52: 25049.557 | W52: 4131.9818 | X52: 7290.2125 | Y52: 194.50891 | Z52: 6734.9052 | AA52: 4341.2508
D53: Zn grade (%) | E53: 0.50526951 | F53: 0.49569266 | G53: 0.49404985 | H53: 0.47829688 | I53: 0.48316275 | J53: 0.48310032 | K53: 0.51959348 | L53: 0.49375302 | M53: 0.51459728 | N53: 0.50642384 | O53: 0.48798884 | P53: 0.49633036 | Q53: 0.50497636 | R53: 0.4751556 | S53: 0.49404033 | T53: 0.48345721 | U53: 0.49367606 | V53: 0.48908471 | W53: 0.47967135 | X53: 0.46890019 | Y53: 0.403377 | Z53: 0.46226038 | AA53: 0.45893074
D54: Zinc (t) | E54: 7719.8725 | F54: 12391.769 | G54: 15518.177 | H54: 12126.132 | I54: 12235.414 | J54: 10787.344 | K54: 12514.157 | L54: 22038.668 | M54: 8686.338 | N54: 13477.35 | O54: 8607.0605 | P54: 20729.148 | Q54: 4696.7947 | R54: 15286.947 | S54: 19117.216 | T54: 17555.472 | U54: 17017.631 | V54: 12251.355 | W54: 1981.9933 | X54: 3418.382 | Y54: 78.460421 | Z54: 3113.2798 | AA54: 1992.3335
D55: Gold (oz) | E55: 796.61807 | F55: 592.26611 | G55: 744.67514 | H55: 545.85517 | I55: 704.62525 | J55: 288.26492 | K55: 373.78357 | L55: 923.71983 | M55: 319.67995 | N55: 331.11655 | O55: 457.9263 | P55: 788.71779 | Q55: 334.04672 | R55: 1029.8277 | S55: 441.09983 | T55: 815.59429 | U55: 954.49702 | V55: 1039.4413 | W55: 26.93197 | X55: 199.06554 | Y55: 4.746462 | Z55: 153.62245 | AA55: 129.3325
D56: Silver (oz) | E56: 42182.129 | F56: 62140.511 | G56: 76240.925 | H56: 84173.555 | I56: 63013.955 | J56: 54266.012 | K56: 58497.076 | L56: 109726.76 | M56: 45303.129 | N56: 57573.162 | O56: 39937.556 | P56: 54769.259 | Q56: 19157.149 | R56: 58572.42 | S56: 55089.515 | T56: 55198.256 | U56: 68994.156 | V56: 53087.913 | W56: 7440.0006 | X56: 22979.766 | Y56: 492.44054 | Z56: 24295.801 | AA56: 11244.085
C57: HPM concentrate produced | D57: dmt | E57: 1191.4987 | F57: 1820.458 | G57: 2323.6438 | H57: 1427.1943 | I57: 1211.207 | J57: 1312.5958 | K57: 1805.6512 | L57: 3422.1371 | M57: 1398.473 | N57: 1484.0361 | O57: 445.5643 | P57: 692.89069 | Q57: 394.34766 | R57: 436.17631 | S57: 962.71266 | T57: 1047.628 | U57: 751.10713 | V57: 1257.3164 | W57: 183.44539 | X57: 273.89272 | Y57: 24.078466 | Z57: 0 | AA57: 138.69309
D58: Gold (oz) | E58: 1039.9395 | F58: 384.19578 | G58: 733.61802 | H58: 73.061019 | I58: 218.21733 | J58: 106.53454 | K58: 271.62433 | L58: 586.18435 | M58: 202.08189 | N58: 95.565329 | O58: 38.528044 | P58: 18.415901 | Q58: 53.027414 | R58: 65.426372 | S58: 79.91249 | T58: 326.64164 | U58: 243.32885 | V58: 202.81852 | W58: 21.277439 | X58: 32.551431 | Y58: 6.0851109 | Z58: 0 | AA58: 18.0734
D59: Silver (koz) | E59: 24002.447 | F59: 53253.958 | G59: 68460.69 | H59: 54602.646 | I59: 37403.573 | J59: 39624.617 | K59: 55109.753 | L59: 87148.623 | M59: 40856.437 | N59: 29511.31 | O59: 9395.7588 | P59: 11722.858 | Q59: 7167.1015 | R59: 10078.668 | S59: 24052.021 | T59: 32833.597 | U59: 20025.209 | V59: 24778.249 | W59: 5802.5833 | X59: 6227.702 | Y59: 366.63093 | Z59: 0 | AA59: 2709.3214
D60: Copper (t) | E60: 186.50398 | F60: 69.760165 | G60: 135.07661 | H60: 32.155336 | I60: 63.189883 | J60: 28.405111 | K60: 75.751379 | L60: 163.68302 | M60: 74.447191 | N60: 51.677064 | O60: 26.607312 | P60: 37.145749 | Q60: 45.760759 | R60: 37.56974 | S60: 41.762497 | T60: 64.249125 | U60: 49.024158 | V60: 130.66814 | W60: 11.851766 | X60: 18.999097 | Y60: 2.6209369 | Z60: 0 | AA60: 9.446243
D61: Lead (t) | E61: 211.26686 | F61: 652.19173 | G61: 810.2558 | H61: 774.65863 | I61: 466.5772 | J61: 592.9948 | K61: 631.8523 | L61: 1073.412 | M61: 526.75043 | N61: 319.36516 | O61: 124.26874 | P61: 196.41235 | Q61: 72.567177 | R61: 121.69714 | S61: 371.20565 | T61: 347.28139 | U61: 213.11664 | V61: 225.7541 | W61: 60.763645 | X61: 68.733301 | Y61: 2.5129199 | Z61: 0 | AA61: 24.184834
C62: Metal produced | D62: Copper (t) | E62: 2799.441 | F62: 4628.407 | G62: 3280.146 | H62: 5307.3455 | I62: 4099.1469 | J62: 5533.4337 | K62: 4618.1221 | L62: 2687.2176 | M62: 3184.5069 | N62: 4216.4125 | O62: 5523.6281 | P62: 5171.0661 | Q62: 5771.4633 | R62: 6414.5471 | S62: 4367.0145 | T62: 5318.4664 | U62: 4083.6264 | V62: 5568.6754 | W62: 5750.433 | X62: 6856.2168 | Y62: 6431.4433 | Z62: 4762.1312 | AA62: 4208.0423
D63: Zinc (t) | E63: 7719.8725 | F63: 12391.769 | G63: 15518.177 | H63: 12126.132 | I63: 12235.414 | J63: 10787.344 | K63: 12514.157 | L63: 22038.668 | M63: 8686.338 | N63: 13477.35 | O63: 8607.0605 | P63: 20729.148 | Q63: 4696.7947 | R63: 15286.947 | S63: 19117.216 | T63: 17555.472 | U63: 17017.631 | V63: 12251.355 | W63: 1981.9933 | X63: 3418.382 | Y63: 78.460421 | Z63: 3113.2798 | AA63: 1992.3335
D64: Gold (oz) | E64: 5093.2999 | F64: 12926.631 | G64: 9035.0881 | H64: 8794.9776 | I64: 5054.7706 | J64: 8167.2096 | K64: 5234.2369 | L64: 8116.4539 | M64: 3040.9193 | N64: 2805.6924 | O64: 4280.7178 | P64: 3871.8967 | Q64: 2786.8502 | R64: 6367.2691 | S64: 6069.5712 | T64: 6149.502 | U64: 4970.5867 | V64: 5117.8496 | W64: 1992.3418 | X64: 3040.607 | Y64: 1123.5811 | Z64: 4744.7016 | AA64: 2111.7478
D65: Silver (oz) | E65: 188214.46 | F65: 510048.18 | G65: 339152.03 | H65: 458924.68 | I65: 288335.01 | J65: 285820.41 | K65: 268419.83 | L65: 478027.91 | M65: 171830.48 | N65: 213978.17 | O65: 196885.52 | P65: 192201.85 | Q65: 128343.83 | R65: 265442.77 | S65: 187751.99 | T65: 240605.44 | U65: 227161.52 | V65: 223353 | W65: 99786.539 | X65: 195788.71 | Y65: 105683.85 | Z65: 194925.99 | AA65: 93100.023
D66: Lead (t) | E66: 211.26686 | F66: 652.19173 | G66: 810.2558 | H66: 774.65863 | I66: 466.5772 | J66: 592.9948 | K66: 631.8523 | L66: 1073.412 | M66: 526.75043 | N66: 319.36516 | O66: 124.26874 | P66: 196.41235 | Q66: 72.567177 | R66: 121.69714 | S66: 371.20565 | T66: 347.28139 | U66: 213.11664 | V66: 225.7541 | W66: 60.763645 | X66: 68.733301 | Y66: 2.5129199 | Z66: 0 | AA66: 24.184834
C67: Payable metal sold | D67: Copper (t) | E67: 2506.0553 | F67: 3733.2717 | G67: 3233.402 | H67: 5052.9606 | I67: 3721.791 | J67: 4965.514 | K67: 4678.147 | L67: 1914.591 | M67: 3645.433 | N67: 3707.88 | O67: 3879.53 | P67: 5727.771 | Q67: 5725.567 | R67: 3047.979 | S67: 6154.275 | T67: 5387.31 | U67: 4043.197 | V67: 5584.445 | W67: 5633.728 | X67: 5710.974 | Y67: 6366.755 | Z67: 5213.029 | AA67: 3692.939
D68: Zinc (t) | E68: 6502.6363 | F68: 11148.803 | G68: 8167.8355 | H68: 12701.281 | I68: 11214.723 | J68: 9422.148 | K68: 9975.711 | L68: 19054.406 | M68: 5014.15 | N68: 12024.9 | O68: 8910.916 | P68: 7631.987 | Q68: 13645.994 | R68: 8183.574 | S68: 16426.578 | T68: 16383.006 | U68: 12399.089 | V68: 8329.82 | W68: 7945.761 | X68: -345.334 | Y68: 3509.846 | Z68: 2818.491 | AA68: -112.854
D69: Gold (oz) | E69: 3732.6122 | F69: 6953.8727 | G69: 9545.4401 | H69: 7456.2989 | I69: 5309.5117 | J69: 6063.3403 | K69: 3832.4086 | L69: 5502.7521 | M69: 6274.681 | N69: 3070.328 | O69: 2383.988 | P69: 2482.6 | Q69: 1794.501 | R69: 2878.511 | S69: 4999.829 | T69: 5727.929 | U69: 5090.316 | V69: 3423.62 | W69: 3544.1388 | X69: 1237.449 | Y69: 1069.136 | Z69: 4337.217 | AA69: 1757.843
D70: Silver (oz) | E70: 156727.04 | F70: 337015.59 | G70: 210556.61 | H70: 278031.11 | I70: 236162.64 | J70: 180646.86 | K70: 142678.75 | L70: 201325.97 | M70: 424772.03 | N70: 151380.83 | O70: 84548.875 | P70: 121626.79 | Q70: 124161.8 | R70: 194920.91 | S70: 157517.99 | T70: 134673.33 | U70: 130334.81 | V70: 163596.14 | W70: 184362.71 | X70: 134925.11 | Y70: 103609 | Z70: 151004.41 | AA70: 82835.82
D71: Lead (t) | E71: 0 | F71: 851.251 | G71: 423.845 | H71: 0 | I71: -9.461 | J71: 0 | K71: 0 | L71: 0 | M71: 3033.298 | N71: 397.521 | O71: 0 | P71: -59.092 | Q71: 0 | R71: 1622.647 | S71: 0 | T71: -39.075 | U71: 0 | V71: 0 | W71: 1009.129 | X71: 0 | Y71: 14.841 | Z71: 0 | AA71: 0
B73: APPENDIX 2: UNIT COSTS
C75: Golden Grove | D75: Unit
C76: Mining (excl. CapDev) | D76: $m | E76: 45.605983 | F76: 43.992339 | G76: 48.380261 | H76: 51.089381 | I76: 47.005837 | J76: 48.092168 | K76: 54.554762 | L76: 63.95317 | M76: 57.085817 | N76: 53.463304 | O76: 56.029828 | P76: 62.185944 | Q76: 58.797527 | R76: 61.983669 | S76: 61.132871 | T76: 66.294924 | U76: 63.067835 | V76: 60.376034 | W76: 65.323697 | X76: 66.231081 | Y76: 64.865274 | Z76: 62.615588 | AA76: 68.957109
C77: Processing | D77: $m | E77: 15.36032 | F77: 15.972303 | G77: 15.848878 | H77: 16.190196 | I77: 17.436021 | J77: 17.073008 | K77: 19.816387 | L77: 21.375789 | M77: 18.741275 | N77: 17.908008 | O77: 18.488257 | P77: 22.269914 | Q77: 20.87511 | R77: 22.778324 | S77: 25.937716 | T77: 24.331009 | U77: 27.377897 | V77: 24.274412 | W77: 30.901169 | X77: 25.524472 | Y77: 25.939053 | Z77: 26.991033 | AA77: 31.941557
C78: G&A | D78: $m | E78: 5.7293753 | F78: 7.6283814 | G78: 6.9527894 | H78: 6.400424 | I78: 7.6099054 | J78: 8.8247699 | K78: 7.4369683 | L78: 7.7948494 | M78: 6.4695713 | N78: 6.5724254 | O78: 6.0983421 | P78: 6.2137382 | Q78: 5.8980122 | R78: 6.5226238 | S78: 7.2043576 | T78: 5.482602 | U78: 6.0380406 | V78: 6.5912982 | W78: 6.7522257 | X78: 5.7432472 | Y78: 6.5447692 | Z78: 6.6320571 | AA78: 7.0489616
C79: Concentrate transport | D79: $m | E79: 3.1320948 | F79: 3.8136394 | G79: 3.2925546 | H79: 5.4070131 | I79: 6.8618788 | J79: 6.6768037 | K79: 6.9012571 | L79: 7.301836 | M79: 4.7162234 | N79: 4.7540952 | O79: 5.1452946 | P79: 5.4145872 | Q79: 4.6162201 | R79: 7.8656691 | S79: 7.42085 | T79: 8.8183343 | U79: 6.9252166 | V79: 6.0378505 | W79: 6.1000442 | X79: 3.787476 | Y79: 4.7727957 | Z79: 4.3265998 | AA79: 2.6088932
C80: TCRC's | D80: $m | E80: 9.0885749 | F80: 9.6540719 | G80: 10.332308 | H80: 17.563078 | I80: 17.582033 | J80: 17.384004 | K80: 11.805189 | L80: 17.04125 | M80: 9.5938762 | N80: 15.349441 | O80: 13.068263 | P80: 13.050588 | Q80: 19.037834 | R80: 9.7752945 | S80: 24.962294 | T80: 24.940541 | U80: 13.445185 | V80: 9.2730183 | W80: 7.3806178 | X80: 1.3462808 | Y80: 6.1883702 | Z80: 3.3591367 | AA80: 0.56464312
C81: Stockpile movements | D81: $m | E81: -15.256197 | F81: -1.2368162 | G81: -14.255272 | H81: 2.978786 | I81: -2.3675192 | J81: -3.3670816 | K81: -10.355047 | L81: -3.6333256 | M81: -1.2180078 | N81: 10.992509 | O81: -6.2576788 | P81: -16.604773 | Q81: 26.49394 | R81: -32.973251 | S81: 20.910668 | T81: 9.7580405 | U81: -22.578003 | V81: 0.48294882 | W81: 23.890067 | X81: -28.227089 | Y81: 17.885479 | Z81: 30.072354 | AA81: -35.790539
C82: By-products | D82: $m | E82: -36.211571 | F82: -76.427575 | G82: -65.676011 | H82: -90.507205 | I82: -83.626152 | J82: -65.530342 | K82: -57.164613 | L82: -107.97844 | M82: -72.986207 | N82: -54.463034 | O82: -49.975924 | P82: -33.110177 | Q82: -57.891486 | R82: -64.355621 | S82: -96.466658 | T82: -106.55697 | U82: -83.425015 | V82: -57.811522 | W82: -69.299299 | X82: -27.166187 | Y82: -40.384282 | Z82: -58.670676 | AA82: -14.933436
C83: C1 Costs | D83: $m | E83: =SUM(E76:E82) -> 27.44858 | F83: =SUM(F76:F82) -> 3.3963429 | G83: =SUM(G76:G82) -> 4.8755083 | H83: =SUM(H76:H82) -> 9.1216721 | I83: =SUM(I76:I82) -> 10.502003 | J83: =SUM(J76:J82) -> 29.153329 | K83: =SUM(K76:K82) -> 32.994904 | L83: =SUM(L76:L82) -> 5.8551262 | ... AA83: =SUM(AA76:AA82) -> 60.397189
C84: Payable copper sold | D84: Mlbs | E84: =E67*$D$12/1000000 -> 5.5249073 | F84: =F67*$D$12/1000000 -> 8.2304567 | G84: =G67*$D$12/1000000 -> 7.1284324 | H84: =H67*$D$12/1000000 -> 11.139873 | I84: =I67*$D$12/1000000 -> 8.205146 | J84: =J67*$D$12/1000000 -> 10.947086 | K84: =K67*$D$12/1000000 -> 10.31355 | L84: =L67*$D$12/1000000 -> 4.2209514 | ... AA84: =AA67*$D$12/1000000 -> 8.1415383
C85: C1 Costs | D85: A$/lb | E85: =E83/E84 -> 4.9681522 | F85: =F83/F84 -> 0.41265546 | G85: =G83/G84 -> 0.68395237 | H85: =H83/H84 -> 0.81883087 | I85: =I83/I84 -> 1.2799288 | J85: =J83/J84 -> 2.6631131 | K85: =K83/K84 -> 3.19918 | L85: =L83/L84 -> 1.3871579 | ... AA85: =AA83/AA84 -> 7.4184002
C86: C1 Costs | D86: US$/lb | E86: =E85*E$10 -> 3.8387791 | F86: =F85*F$10 -> 0.31783068 | G86: =G85*G$10 -> 0.50238343 | H86: =H85*H$10 -> 0.59669611 | I86: =I85*I$10 -> 0.92739543 | J86: =J85*J$10 -> 1.9020465 | K86: =K85*K$10 -> 2.1858276 | L86: =L85*L$10 -> 0.91217471 | ... AA86: =AA85*AA$10 -> 5.2373906
C87: C1 Costs | D87: $m | E87: =E83 -> 27.44858 | F87: =F83 -> 3.3963429 | G87: =G83 -> 4.8755083 | H87: =H83 -> 9.1216721 | I87: =I83 -> 10.502003 | J87: =J83 -> 29.153329 | K87: =K83 -> 32.994904 | L87: =L83 -> 5.8551262 | ... AA87: =AA83 -> 60.397189
C88: Royalties | D88: $m | E88: 2.8311683 | F88: 5.7681226 | G88: 3.6173645 | H88: 6.150125 | I88: 5.746513 | J88: 4.5865418 | K88: 4.6505781 | L88: 4.924803 | M88: 4.2416206 | N88: 4.0435901 | O88: 4.5223876 | P88: 3.9593581 | Q88: 3.4333183 | R88: 7.2372041 | S88: 6.66167 | T88: 6.4477853 | U88: 6.0991946 | V88: 5.6525387 | W88: 6.5478843 | X88: 6.2076987 | Y88: 6.6634346 | Z88: 6.6400806 | AA88: 4.1098915
C89: Corporate | D89: $m | E89: 0 | F89: 0 | G89: 0 | H89: 0 | I89: 0 | J89: 0 | K89: 0 | L89: 0 | M89: 0 | N89: 0 | O89: 0 | P89: 0 | Q89: 1.7871054 | R89: 1.7871054 | S89: 1.7871054 | T89: 1.7871054 | U89: 1.7871054 | V89: 1.7871054 | W89: 1.7871054 | X89: 1.7871054 | Y89: 1.7871054 | Z89: 1.7871054 | AA89: 1.7871054
C90: Sustaining capital | D90: $m | E90: 2.9040569 | F90: 2.4811038 | G90: 4.8187835 | H90: 12.465617 | I90: 2.7520406 | J90: 3.9825579 | K90: 7.624095 | L90: 9.1729098 | M90: 4.721406 | N90: 5.9753176 | O90: 4.162334 | P90: 4.83043 | Q90: 3.7140269 | R90: 3.939192 | S90: 6.8192257 | T90: 13.697585 | U90: 2.843784 | V90: 5.0319384 | W90: 4.6614919 | X90: 5.7334805 | Y90: 2.277139 | Z90: 2.278484 | AA90: 4.3521018
C91: Capitalised development | D91: $m | E91: 7.904286 | F91: 9.507078 | G91: 11.750377 | H91: 8.595352 | I91: 7.8448908 | J91: 6.2946729 | K91: 6.6594549 | L91: 5.3045425 | M91: 5.0504992 | N91: 4.3868064 | O91: 3.1146827 | P91: 3.7821783 | Q91: 5.5519093 | R91: 4.2596088 | S91: 2.8726413 | T91: 5.3912356 | U91: 7.8856186 | V91: 10.648147 | W91: 9.4753376 | X91: 6.5499177 | Y91: 6.0498242 | Z91: 12.103342 | AA91: 8.9465113
C92: AISC | D92: $m | E92: =SUM(E87:E91) -> 41.088091 | F92: =SUM(F87:F91) -> 21.152647 | G92: =SUM(G87:G91) -> 25.062033 | H92: =SUM(H87:H91) -> 36.332766 | I92: =SUM(I87:I91) -> 26.845447 | J92: =SUM(J87:J91) -> 44.017102 | K92: =SUM(K87:K91) -> 51.929032 | L92: =SUM(L87:L91) -> 25.257381 | ... AA92: =SUM(AA87:AA91) -> 79.592799
C93: Payable copper sold | D93: Mlbs | E93: =E84 -> 5.5249073 | F93: =F84 -> 8.2304567 | G93: =G84 -> 7.1284324 | H93: =H84 -> 11.139873 | I93: =I84 -> 8.205146 | J93: =J84 -> 10.947086 | K93: =K84 -> 10.31355 | L93: =L84 -> 4.2209514 | ... AA93: =AA84 -> 8.1415383
C94: AISC | D94: A$/lb | E94: =E92/E93 -> 7.4368834 | F94: =F92/F93 -> 2.5700454 | G94: =G92/G93 -> 3.5157847 | H94: =H92/H93 -> 3.2615063 | I94: =I92/I93 -> 3.2717818 | J94: =J92/J93 -> 4.0208966 | K94: =K92/K93 -> 5.0350296 | L94: =L92/L93 -> 5.9838125 | ... AA94: =AA92/AA93 -> 9.7761377
C95: AISC | D95: US$/lb | E95: =E94*E$10 -> 5.746312 | F95: =F94*F$10 -> 1.9794704 | G95: =G94*G$10 -> 2.5824488 | H95: =H94*H$10 -> 2.3767156 | I95: =I94*I$10 -> 2.3706283 | J95: =J94*J$10 -> 2.8718015 | K95: =K94*K$10 -> 3.4401649 | L95: =L94*L$10 -> 3.9348673 | ... AA95: =AA94*AA$10 -> 6.9019532
C96: Growth capital | D96: $m | E96: 1.891967 | F96: 3.7371112 | G96: 1.5011097 | H96: 4.1699842 | I96: 3.300889 | J96: 3.4384282 | K96: 2.5029181 | L96: 0.89095783 | M96: 3.1312175 | N96: 2.8864828 | O96: 2.418744 | P96: 5.752108 | Q96: 3.6364412 | R96: 6.6595168 | S96: 14.000475 | T96: 15.319122 | U96: 7.245791 | V96: 8.6283795 | W96: 19.068433 | X96: 36.317209 | Y96: 20.093424 | Z96: 23.122961 | AA96: 27.723326
B98: Revenue
D100: Unit
C101: Golden Grove Gross Revenue | D101: $m | E101: =SUM(E102:E106) -> 71.053869 | F101: =SUM(F102:F106) -> 130.99152 | G101: =SUM(G102:G106) -> 104.57879 | H101: =SUM(H102:H106) -> 157.51999 | I101: =SUM(I102:I106) -> 132.47306 | J101: =SUM(J102:J106) -> 141.94263 | K101: =SUM(K102:K106) -> 104.65735 | L101: =SUM(L102:L106) -> 118.99332 | ... AA101: =SUM(AA102:AA106) -> 94.099859
C102: Copper | D102: $m | E102: 34.681063 | F102: 55.782844 | G102: 39.152024 | H102: 69.196095 | I102: 50.866661 | J102: 63.984895 | K102: 49.507682 | L102: 17.647587 | M102: 50.79929 | N102: 45.477544 | O102: 49.936407 | P102: 69.489188 | Q102: 77.073924 | R102: 52.202799 | S102: 80.896853 | T102: 74.970017 | U102: 60.595722 | V102: 82.242772 | W102: 85.688396 | X102: 108.93064 | Y102: 125.81677 | Z102: 105.72844 | AA102: 79.19214
C103: Zinc | D103: $m | E103: 24.763392 | F103: 43.187384 | G103: 34.227989 | H103: 62.029676 | I103: 60.365554 | J103: 56.355859 | K103: 41.432818 | L103: 81.897699 | M103: 24.924289 | N103: 39.150153 | O103: 31.325511 | P103: 29.856197 | Q103: 51.716223 | R103: 37.258961 | S103: 68.492254 | T103: 78.029984 | U103: 51.182638 | V103: 30.666863 | W103: 34.74484 | X103: 0.40490136 | Y103: 16.288402 | Z103: 14.169074 | AA103: -0.52617998
C104: Gold | D104: $m | E104: 6.4510271 | F104: 17.458929 | G104: 23.366345 | H104: 18.215506 | I104: 13.886928 | J104: 16.077512 | K104: 10.249693 | L104: 13.381457 | M104: 18.883848 | N104: 8.8571292 | O104: 7.1379332 | P104: 7.4155323 | Q104: 6.396433 | R104: 11.053257 | S104: 18.625848 | T104: 24.750328 | U104: 23.779638 | V104: 18.688787 | W104: 19.122725 | X104: 13.124964 | Y104: 8.7021771 | Z104: 27.889029 | AA104: 9.4844164
C105: Silver | D105: $m | E105: 5.1583867 | F105: 12.09735 | G105: 6.1952634 | H105: 8.0787096 | I105: 7.5659784 | J105: 5.5243639 | K105: 3.4671596 | L105: 6.0665807 | M105: 14.786482 | N105: 5.8818212 | O105: 3.3633241 | P105: 3.5330657 | Q105: 4.6788363 | R105: 9.4468524 | S105: 6.912718 | T105: 6.9268691 | U105: 6.5739599 | V105: 8.6745211 | W105: 12.047395 | X105: 15.366305 | Y105: 14.15944 | Z105: 16.590386 | AA105: 5.9494826
C106: Lead | D106: $m | E106: 0 | F106: 2.4650169 | G106: 1.6371663 | H106: 0 | I106: -0.212063 | J106: 0 | K106: 0 | L106: 0 | M106: 9.7367641 | N106: 1.2731125 | O106: 0 | P106: 0.08672315 | Q106: 0 | R106: 5.3329575 | S106: 0 | T106: -0.19933005 | U106: 0 | V106: 0 | W106: 2.9788373 | X106: 0 | Y106: 0.05814668 | Z106: 0 | AA106: 0
C107: Gross revenue is shown inclusive of final invoice and realised quotational period (‘QP’) adjustments, but excluding hedging gains/losses, TCRC and unrealised QP adjustments

Sheet Capricorn_Copper_Stats (Q)
A1: 29Metals
A2: Capricorn Copper
A3: ='Terms of Use and Important Info'!$A$3 -> For period ending 30-Sep-2026
A4: Note: refer to Terms of Use and Important Information
C7: Description | E7: 44286 | F7: =EOMONTH(E$7,3) -> 44377 | G7: =EOMONTH(F$7,3) -> 44469 | H7: =EOMONTH(G$7,3) -> 44561 | I7: =EOMONTH(H$7,3) -> 44651 | J7: =EOMONTH(I$7,3) -> 44742 | K7: =EOMONTH(J$7,3) -> 44834 | L7: =EOMONTH(K$7,3) -> 44926 | M7: =EOMONTH(L$7,3) -> 45016 | ... AA7: =EOMONTH(Z$7,3) -> 46295
C9: Conversions | D9: Unit
C10: AUD:USD | D10: FX | E10: ='29Metals_Group_Stats (Q)'!E10 -> 0.77267743 | F10: ='29Metals_Group_Stats (Q)'!F10 -> 0.77020836 | G10: ='29Metals_Group_Stats (Q)'!G10 -> 0.73452985 | H10: ='29Metals_Group_Stats (Q)'!H10 -> 0.72871716 | I10: ='29Metals_Group_Stats (Q)'!I10 -> 0.72456797 | J10: ='29Metals_Group_Stats (Q)'!J10 -> 0.7142192 | K10: ='29Metals_Group_Stats (Q)'!K10 -> 0.68324621 | L10: ='29Metals_Group_Stats (Q)'!L10 -> 0.65758533 | ... AA10: ='29Metals_Group_Stats (Q)'!AA10 -> 0.706
C12: Pounds per tonne | D12: ='29Metals_Group_Stats (Q)'!D12 -> 2204.623
B14: Executive Summary
C16: Capricorn Copper | D16: Unit
C17: TRIFR | D17: mmhrs | E17: 8.7576602 | F17: 11.641862 | G17: 12.045508 | H17: 13.139371 | I17: 12.529579 | J17: 8.6763981 | K17: 9.6015195 | L17: 7.0027276 | M17: 5.4894986 | N17: 7.7476137 | O17: 4.975867 | P17: 5.6226446 | Q17: 5.8050013 | R17: 7.2836501 | S17: 8.4060032 | T17: 6.6911712 | U17: 7.2151113 | V17: 9.4522604 | W17: 5.9424203 | X17: 6.74247 | Y17: 7.1970613 | Z17: 0 | AA17: 0
C18: LTIFR | D18: mmhrs | E18: 1.0947075 | F18: 2.1167023 | G18: 2.0075847 | H18: 1.877053 | I18: 1.7899398 | J18: 0.86763981 | K18: 0.87286541 | L18: 1.7506819 | M18: 1.8298329 | N18: 2.2136039 | O18: 1.2439668 | P18: 1.4056612 | Q18: 2.9025006 | R18: 4.3701901 | S18: 6.7248026 | T18: 6.6911712 | U18: 7.2151113 | V18: 4.7261302 | W18: 0 | X18: 0 | Y18: 0 | Z18: 0 | AA18: 0
C19: Copper produced | D19: Tonnes | E19: 4405.2018 | F19: 5701.6598 | G19: 6854.242 | H19: 7718.2286 | I19: 5230.516 | J19: 5608.3124 | K19: 7669.4803 | L19: 5315.8743 | M19: 2640.2861 | N19: 0 | O19: 1115.3289 | P19: 2370.8952 | Q19: 1252.8037 | R19: 749.74182 | S19: 0 | T19: 0 | U19: 0 | V19: 0 | W19: 0 | X19: 0 | Y19: 0 | Z19: 0 | AA19: 0
C20: Zinc produced | D20: Tonnes | E20: 0 | F20: 0 | G20: 0 | H20: 0 | I20: 0 | J20: 0 | K20: 0 | L20: 0 | M20: 0 | N20: 0 | O20: 0 | P20: 0 | Q20: 0 | R20: 0 | S20: 0 | T20: 0 | U20: 0 | V20: 0 | W20: 0 | X20: 0 | Y20: 0 | Z20: 0 | AA20: 0
C21: Gold produced | D21: Ounces | E21: 0 | F21: 0 | G21: 0 | H21: 0 | I21: 0 | J21: 0 | K21: 0 | L21: 0 | M21: 0 | N21: 0 | O21: 0 | P21: 0 | Q21: 0 | R21: 0 | S21: 0 | T21: 0 | U21: 0 | V21: 0 | W21: 0 | X21: 0 | Y21: 0 | Z21: 0 | AA21: 0
C22: Silver produced | D22: Ounces | E22: 48812.819 | F22: 76154.951 | G22: 72319.868 | H22: 72565.936 | I22: 51138.541 | J22: 54353.654 | K22: 74491.603 | L22: 54085.749 | M22: 19557.163 | N22: 0 | O22: 6253.241 | P22: 10015.361 | Q22: 5411.2994 | R22: 2315.4234 | S22: 0 | T22: 0 | U22: 0 | V22: 0 | W22: 0 | X22: 0 | Y22: 0 | Z22: 0 | AA22: 0
C23: Lead produced | D23: Tonnes | E23: 0 | F23: 0 | G23: 0 | H23: 0 | I23: 0 | J23: 0 | K23: 0 | L23: 0 | M23: 0 | N23: 0 | O23: 0 | P23: 0 | Q23: 0 | R23: 0 | S23: 0 | T23: 0 | U23: 0 | V23: 0 | W23: 0 | X23: 0 | Y23: 0 | Z23: 0 | AA23: 0
C24: Payable copper sold | D24: Mlbs | E24: =E61 -> 9.7066002 | F24: =F61 -> 10.338835 | G24: =G61 -> 15.284682 | H24: =H61 -> 14.711187 | I24: =I61 -> 13.220066 | J24: =J61 -> 10.237103 | K24: =K61 -> 16.114659 | L24: =L61 -> 11.390185 | ... AA24: =AA61 -> 0
C25: Site costs | D25: $m | E25: =SUM(E53:E55) -> 38.763675 | F25: =SUM(F53:F55) -> 41.089975 | G25: =SUM(G53:G55) -> 41.435689 | H25: =SUM(H53:H55) -> 46.261138 | I25: =SUM(I53:I55) -> 43.818649 | J25: =SUM(J53:J55) -> 47.127447 | K25: =SUM(K53:K55) -> 46.950992 | L25: =SUM(L53:L55) -> 50.704934 | ... Q25: =SUM(Q53:Q55) -> 32.438457 | R25: N/a | S25: N/a | T25: N/a | U25: N/a | V25: N/a | W25: N/a | X25: N/a | Y25: N/a | Z25: N/a | AA25: N/a
C26: C1 costs | D26: $m | E26: =E64 -> 45.360026 | F26: =F64 -> 40.820727 | G26: =G64 -> 50.370503 | H26: =H64 -> 49.770392 | I26: =I64 -> 55.947112 | J26: =J64 -> 44.857817 | K26: =K64 -> 59.489379 | L26: =L64 -> 59.519363 | ... Q26: =Q64 -> 33.909262 | R26: N/a | S26: N/a | T26: N/a | U26: N/a | V26: N/a | W26: N/a | X26: N/a | Y26: N/a | Z26: N/a | AA26: N/a
C27: C1 costs | D27: US$/lb Cu sold | E27: =E63 -> 3.6108079 | F27: =F63 -> 3.0410065 | G27: =G63 -> 2.4206351 | H27: =H63 -> 2.4653714 | I27: =I63 -> 3.0663603 | J27: =J63 -> 3.129627 | K27: =K63 -> 2.5222931 | L27: =L63 -> 3.4362095 | ... Q27: =Q63 -> 8.8021485 | R27: N/a | S27: N/a | T27: N/a | U27: N/a | V27: N/a | W27: N/a | X27: N/a | Y27: N/a | Z27: N/a | AA27: N/a
C28: Capital | D28: $m | E28: =SUM(E67:E68,E73) -> 6.3100471 | F28: =SUM(F67:F68,F73) -> 4.7694626 | G28: =SUM(G67:G68,G73) -> 8.7809047 | H28: =SUM(H67:H68,H73) -> 11.014986 | I28: =SUM(I67:I68,I73) -> 12.377599 | J28: =SUM(J67:J68,J73) -> 8.6387061 | K28: =SUM(K67:K68,K73) -> 10.294124 | L28: =SUM(L67:L68,L73) -> 9.6253483 | ... AA28: =SUM(AA67:AA68,AA73) -> 0
C29: AISC | D29: $m | E29: =E69 -> 53.959445 | F29: =F69 -> 48.542103 | G29: =G69 -> 62.798802 | H29: =H69 -> 64.689413 | I29: =I69 -> 71.930862 | J29: =J69 -> 56.271101 | K29: =K69 -> 72.715876 | L29: =L69 -> 71.439581 | ... Q29: =Q69 -> 41.112022 | R29: N/a | S29: N/a | T29: N/a | U29: N/a | V29: N/a | W29: N/a | X29: N/a | Y29: N/a | Z29: N/a | AA29: N/a
C30: AISC | D30: US$/lb Cu sold | E30: =E72 -> 4.2953501 | F30: =F72 -> 3.6162229 | G30: =G72 -> 3.0178969 | H30: =H72 -> 3.2043836 | I30: =I72 -> 3.9424008 | J30: =J72 -> 3.9259057 | K30: =K72 -> 3.083084 | L30: =L72 -> 4.124395 | ... Q30: =Q72 -> 10.671837 | R30: N/a | S30: N/a | T30: N/a | U30: N/a | V30: N/a | W30: N/a | X30: N/a | Y30: N/a | Z30: N/a | AA30: N/a
C31: Recovery costs during partial operations | D31: $m | M31: 8.8511279 | N31: 25.36093 | O31: 12.616035 | P31: 14.111606 | Q31: 10.426114
C32: Suspension period Site operating costs | D32: $m | R32: =R75 -> 17.838775 | S32: =S75 -> 10.385415 | T32: =T75 -> 10.464117 | U32: =U75 -> 10.867244 | V32: =V75 -> 7.9966248 | W32: =W75 -> 7.7536014 | X32: =X75 -> 8.0111259 | Y32: =Y75 -> 8.3469375 | ... AA32: =AA75 -> 6.6437092
C33: Suspension period capital | D33: $m | R33: =R76 -> 13.822471 | S33: =S76 -> 8.5433517 | T33: =T76 -> 4.4809224 | U33: =U76 -> 0.80033928 | V33: =V76 -> 1.0844432 | W33: =W76 -> 0.98707147 | X33: =X76 -> 1.5873407 | Y33: =Y76 -> 0.29025607 | ... AA33: =AA76 -> 3.0500945
B36: APPENDIX 1: PRODUCTION STATS
C38: Capricorn Copper | D38: Unit
C39: Ore mined | D39: kt | E39: 415.28614 | F39: 394.98705 | G39: 490.94834 | H39: 470.84204 | I39: 419.22015 | J39: 465.04716 | K39: 429.19588 | L39: 400.1021 | M39: 234.33559 | N39: 0 | O39: 100.03486 | P39: 156.82873 | Q39: 161.46433 | R39: 0 | S39: 0 | T39: 0 | U39: 0 | V39: 0 | W39: 0 | X39: 0 | Y39: 0 | Z39: 0 | AA39: 0
C40: Ore milled | D40: kt | E40: 411.88856 | F40: 429.5505 | G40: 424.59081 | H40: 437.4259 | I40: 417.26293 | J40: 412.04264 | K40: 492.71165 | L40: 409.08498 | M40: 192.67694 | N40: 0 | O40: 85.092454 | P40: 179.84287 | Q40: 93.702628 | R40: 64.444213 | S40: 0 | T40: 0 | U40: 0 | V40: 0 | W40: 0 | X40: 0 | Y40: 0 | Z40: 0 | AA40: 0
C41: Milled grade | D41: Copper (%) | E41: 0.013374691 | F41: 0.01564634 | G41: 0.018219324 | H41: 0.01986547 | I41: 0.014356937 | J41: 0.015744296 | K41: 0.018237345 | L41: 0.015787626 | M41: 0.016606711 | N41: 0 | O41: 0.01625746 | P41: 0.016936702 | Q41: 0.017341521 | R41: 0.014590207 | S41: 0 | T41: 0 | U41: 0 | V41: 0 | W41: 0 | X41: 0 | Y41: 0 | Z41: 0 | AA41: 0
C42: Recovery | D42: Copper (%) | E42: 0.79965438 | F42: 0.84834854 | G42: 0.88604664 | H42: 0.88820724 | I42: 0.87311798 | J42: 0.8645036 | K42: 0.85351566 | L42: 0.82308432 | M42: 0.825159 | N42: 0 | O42: 0.8062305 | P42: 0.77837752 | Q42: 0.7709817 | R42: 0.7973819 | S42: 0 | T42: 0 | U42: 0 | V42: 0 | W42: 0 | X42: 0 | Y42: 0 | Z42: 0 | AA42: 0
C43: Cu concentrate produced | D43: dmt | E43: 19683.589 | F43: 25159.629 | G43: 27235.602 | H43: 32643.7 | I43: 22512.021 | J43: 24235.081 | K43: 31038.893 | L43: 23357.675 | M43: 12637.314 | N43: 0 | O43: 5167.8916 | P43: 10985.415 | Q43: 6029.1749 | R43: 3794.9028 | S43: 0 | T43: 0 | U43: 0 | V43: 0 | W43: 0 | X43: 0 | Y43: 0 | Z43: 0 | AA43: 0
D44: Cu grade (%) | E44: 0.22380074 | F44: 0.22661939 | G44: 0.25166479 | H44: 0.23643853 | I44: 0.23234325 | J44: 0.23141299 | K44: 0.24709259 | L44: 0.22758576 | M44: 0.20892778 | N44: 0 | O44: 0.21581894 | P44: 0.21582209 | Q44: 0.20779023 | R44: 0.19756549 | S44: 0 | T44: 0 | U44: 0 | V44: 0 | W44: 0 | X44: 0 | Y44: 0 | Z44: 0 | AA44: 0
D45: Copper (t) | E45: 4405.2018 | F45: 5701.6598 | G45: 6854.242 | H45: 7718.2286 | I45: 5230.516 | J45: 5608.3124 | K45: 7669.4803 | L45: 5315.8743 | M45: 2640.2861 | N45: 0 | O45: 1115.3289 | P45: 2370.8952 | Q45: 1252.8037 | R45: 749.74182 | S45: 0 | T45: 0 | U45: 0 | V45: 0 | W45: 0 | X45: 0 | Y45: 0 | Z45: 0 | AA45: 0
D46: Silver (oz) | E46: 48812.819 | F46: 76154.951 | G46: 72319.868 | H46: 72565.936 | I46: 51138.541 | J46: 54353.654 | K46: 74491.603 | L46: 54085.749 | M46: 19557.163 | N46: 0 | O46: 6253.241 | P46: 10015.361 | Q46: 5411.2994 | R46: 2315.4234 | S46: 0 | T46: 0 | U46: 0 | V46: 0 | W46: 0 | X46: 0 | Y46: 0 | Z46: 0 | AA46: 0
C47: Payable metal sold | D47: Copper (t) | E47: 4402.839 | F47: 4689.616 | G47: 6933.014 | H47: 6672.881 | I47: 5996.52 | J47: 4643.471 | K47: 7309.485 | L47: 5166.5 | M47: 3036.555 | N47: -36.969 | O47: 709.239 | P47: 2388.562 | Q47: 1148.68 | R47: 759.196 | S47: 0 | T47: 0 | U47: 0 | V47: 0 | W47: 0 | X47: 0 | Y47: 0 | Z47: 0 | AA47: 0
D48: Silver (oz) | E48: 41455.374 | F48: 58382.259 | G48: 70761.488 | H48: 58188.151 | I48: 42371.778 | J48: 43485.142 | K48: 68517.852 | L48: 44700.769 | M48: 21448.774 | N48: -142.474 | O48: 4455.112 | P48: 0 | Q48: 1454.622 | R48: 0 | S48: 0 | T48: 0 | U48: 0 | V48: 0 | W48: 0 | X48: 0 | Y48: 0 | Z48: 0 | AA48: 0
B50: APPENDIX 2: UNIT COSTS
C52: Capricorn Copper | D52: Unit
C53: Mining (excl. CapDev) | D53: $m | E53: 20.603663 | F53: 22.089076 | G53: 22.959425 | H53: 23.817121 | I53: 21.829395 | J53: 22.978294 | K53: 23.586283 | L53: 26.097541 | M53: 15.369744 | N53: 0.1281442 | O53: 11.876185 | P53: 17.077976 | Q53: 17.605766 | R53: N/a | S53: N/a | T53: N/a | U53: N/a | V53: N/a | W53: N/a | X53: N/a | Y53: N/a | Z53: N/a | AA53: N/a
C54: Processing | D54: $m | E54: 12.041444 | F54: 13.356553 | G54: 12.162161 | H54: 13.093506 | I54: 13.478414 | J54: 14.998935 | K54: 14.946102 | L54: 16.236181 | M54: 11.224906 | N54: 0.83255737 | O54: 3.9958657 | P54: 9.4415215 | Q54: 9.5248455 | R54: N/a | S54: N/a | T54: N/a | U54: N/a | V54: N/a | W54: N/a | X54: N/a | Y54: N/a | Z54: N/a | AA54: N/a
C55: G&A | D55: $m | E55: 6.1185677 | F55: 5.6443465 | G55: 6.3141027 | H55: 9.3505107 | I55: 8.5108404 | J55: 9.1502186 | K55: 8.418606 | L55: 8.3712126 | M55: 4.0923135 | N55: 0 | O55: 3.153775 | P55: 4.461609 | Q55: 5.3078453 | R55: N/a | S55: N/a | T55: N/a | U55: N/a | V55: N/a | W55: N/a | X55: N/a | Y55: N/a | Z55: N/a | AA55: N/a
C56: Concentrate transport | D56: $m | E56: 2.8572032 | F56: 3.8600733 | G56: 5.6611084 | H56: 5.298089 | I56: 4.9946376 | J56: 4.783882 | K56: 5.9962633 | L56: 5.0991482 | M56: 3.5888594 | N56: -0.33983669 | O56: 0.57197191 | P56: 1.7689584 | Q56: 0.96877882 | R56: 0.67104838 | S56: 0.10736733 | T56: -0.00195172 | U56: 1.031869 | V56: 0.41538571 | W56: -0.01012124 | X56: 0 | Y56: 0 | Z56: 0 | AA56: 0
C57: TCRC's | D57: $m | E57: 2.5873018 | F57: 2.5482666 | G57: 3.8453068 | H57: 4.5216096 | I57: 3.1384803 | J57: 2.7294104 | K57: 4.4179649 | L57: 4.1106623 | M57: 3.7673292 | N57: 0.46234837 | O57: 0.95426461 | P57: 3.854717 | Q57: 1.4962978 | R57: 1.0423385 | S57: 0.12443273 | T57: -0.00122455 | U57: 0 | V57: 0.54386838 | W57: -0.01197421 | X57: 0 | Y57: 0 | Z57: 0 | AA57: 0
C58: Stockpile movements | D58: $m | E58: 2.5592006 | F58: -4.5654552 | G58: 1.808958 | H58: -4.432696 | I58: 5.38542 | J58: -8.323306 | K58: 3.999737 | L58: 1.107054 | M58: 0.696643 | N58: 1.156776 | O58: -6.026798 | P58: 5.278152 | Q58: -0.949014 | R58: 5.650593 | S58: 0 | T58: -0.639707 | U58: -1.031869 | V58: 1.671576 | W58: 0 | X58: 0 | Y58: 0 | Z58: 0 | AA58: 0
C59: By-products | D59: $m | E59: -1.4073544 | F59: -2.1121326 | G59: -2.3805585 | H59: -1.8777484 | I59: -1.3900748 | J59: -1.4596167 | K59: -1.8755779 | L59: -1.5024354 | M59: -0.78629444 | N59: -0.03417684 | O59: -0.16639699 | P59: 0 | Q59: -0.04525701 | R59: 0.05974054 | S59: 0 | T59: 0 | U59: 0 | V59: 0 | W59: 0 | X59: 0 | Y59: 0 | Z59: 0 | AA59: 0
C60: C1 Costs | D60: $m | E60: =SUM(E53:E59) -> 45.360026 | F60: =SUM(F53:F59) -> 40.820727 | G60: =SUM(G53:G59) -> 50.370503 | H60: =SUM(H53:H59) -> 49.770392 | I60: =SUM(I53:I59) -> 55.947112 | J60: =SUM(J53:J59) -> 44.857817 | K60: =SUM(K53:K59) -> 59.489379 | L60: =SUM(L53:L59) -> 59.519363 | ... Q60: =SUM(Q53:Q59) -> 33.909262 | R60: N/a | S60: N/a | T60: N/a | U60: N/a | V60: N/a | W60: N/a | X60: N/a | Y60: N/a | Z60: N/a | AA60: N/a
C61: Payable copper sold | D61: Mlbs | E61: =E47*$D$12/1000000 -> 9.7066002 | F61: =F47*$D$12/1000000 -> 10.338835 | G61: =G47*$D$12/1000000 -> 15.284682 | H61: =H47*$D$12/1000000 -> 14.711187 | I61: =I47*$D$12/1000000 -> 13.220066 | J61: =J47*$D$12/1000000 -> 10.237103 | K61: =K47*$D$12/1000000 -> 16.114659 | L61: =L47*$D$12/1000000 -> 11.390185 | ... AA61: =AA47*$D$12/1000000 -> 0
C62: C1 Costs | D62: A$/lb | E62: =E60/E61 -> 4.6731116 | F62: =F60/F61 -> 3.9482907 | G62: =G60/G61 -> 3.2954891 | H62: =H60/H61 -> 3.3831663 | I62: =I60/I61 -> 4.2319844 | J62: =J60/J61 -> 4.3818859 | K62: =K60/K61 -> 3.6916313 | L62: =L60/L61 -> 5.2254959 | ... Q62: =Q60/Q61 -> 13.390135 | R62: N/a | S62: N/a | T62: N/a | U62: N/a | V62: N/a | W62: N/a | X62: N/a | Y62: N/a | Z62: N/a | AA62: N/a
C63: C1 Costs | D63: US$/lb | E63: =E62*E$10 -> 3.6108079 | F63: =F62*F$10 -> 3.0410065 | G63: =G62*G$10 -> 2.4206351 | H63: =H62*H$10 -> 2.4653714 | I63: =I62*I$10 -> 3.0663603 | J63: =J62*J$10 -> 3.129627 | K63: =K62*K$10 -> 2.5222931 | L63: =L62*L$10 -> 3.4362095 | ... Q63: =Q62*Q$10 -> 8.8021485 | R63: N/a | S63: N/a | T63: N/a | U63: N/a | V63: N/a | W63: N/a | X63: N/a | Y63: N/a | Z63: N/a | AA63: N/a
C64: C1 Costs | D64: $m | E64: =E60 -> 45.360026 | F64: =F60 -> 40.820727 | G64: =G60 -> 50.370503 | H64: =H60 -> 49.770392 | I64: =I60 -> 55.947112 | J64: =J60 -> 44.857817 | K64: =K60 -> 59.489379 | L64: =L60 -> 59.519363 | ... Q64: =Q60 -> 33.909262 | R64: N/a | S64: N/a | T64: N/a | U64: N/a | V64: N/a | W64: N/a | X64: N/a | Y64: N/a | Z64: N/a | AA64: N/a
C65: Royalties | D65: $m | E65: 2.2893721 | F65: 2.9519131 | G65: 3.6473937 | H65: 3.9040351 | I65: 3.6061498 | J65: 2.7745784 | K65: 2.9323732 | L65: 2.294869 | M65: 2.1170111 | N65: 0.13182221 | O65: 0.24730558 | P65: 1.1915775 | Q65: 0.59234285 | R65: 0.49284925 | S65: 0.05216801 | T65: -0.00187122 | U65: 0 | V65: 0.15616819 | W65: 0.01517607 | X65: -2e-08 | Y65: 0 | Z65: 0 | AA65: 0
C66: Corporate | D66: $m | E66: 0 | F66: 0 | G66: 0 | H66: 0 | I66: 0 | J66: 0 | K66: 0 | L66: 0 | M66: 0 | N66: 0 | O66: 0 | P66: 0 | Q66: 1.0954088 | R66: 1.0954088 | S66: 1.0954088 | T66: 1.0954088 | U66: 1.0954088 | V66: 1.0954088 | W66: 1.0954088 | X66: 1.0954088 | Y66: 1.0954088 | Z66: 1.0954088 | AA66: 1.0954088
C67: Sustaining capital | D67: $m | E67: 1.1179277 | F67: 1.2418865 | G67: 3.3364554 | H67: 6.7227161 | I67: 8.1709014 | J67: 5.2629375 | K67: 5.333245 | L67: 3.8688797 | M67: 1.6716613 | N67: 1.0375473 | O67: 1.6978274 | P67: 4.0719401 | Q67: 1.4755936 | R67: N/a | S67: N/a | T67: N/a | U67: N/a | V67: N/a | W67: N/a | X67: N/a | Y67: N/a | Z67: N/a | AA67: N/a
C68: Capitalised development | D68: $m | E68: 5.1921193 | F68: 3.5275761 | G68: 5.4444494 | H68: 4.2922702 | I68: 4.2066981 | J68: 3.3757686 | K68: 4.9608791 | L68: 5.7564686 | M68: 4.1997067 | N68: 0 | O68: 1.6685868 | P68: 3.0418876 | Q68: 4.039415 | R68: N/a | S68: N/a | T68: N/a | U68: N/a | V68: N/a | W68: N/a | X68: N/a | Y68: N/a | Z68: N/a | AA68: N/a
C69: AISC | D69: $m | E69: =SUM(E64:E68) -> 53.959445 | F69: =SUM(F64:F68) -> 48.542103 | G69: =SUM(G64:G68) -> 62.798802 | H69: =SUM(H64:H68) -> 64.689413 | I69: =SUM(I64:I68) -> 71.930862 | J69: =SUM(J64:J68) -> 56.271101 | K69: =SUM(K64:K68) -> 72.715876 | L69: =SUM(L64:L68) -> 71.439581 | ... Q69: =SUM(Q64:Q68) -> 41.112022 | R69: N/a | S69: N/a | T69: N/a | U69: N/a | V69: N/a | W69: N/a | X69: N/a | Y69: N/a | Z69: N/a | AA69: N/a
C70: Payable copper sold | D70: Mlbs | E70: =E61 -> 9.7066002 | F70: =F61 -> 10.338835 | G70: =G61 -> 15.284682 | H70: =H61 -> 14.711187 | I70: =I61 -> 13.220066 | J70: =J61 -> 10.237103 | K70: =K61 -> 16.114659 | L70: =L61 -> 11.390185 | ... AA70: =AA61 -> 0
C71: AISC | D71: A$/lb | E71: =E69/E70 -> 5.5590468 | F71: =F69/F70 -> 4.695123 | G71: =G69/G70 -> 4.1086103 | H71: =H69/H70 -> 4.397294 | I71: =I69/I70 -> 5.4410365 | J71: =J69/J70 -> 5.4967798 | K71: =K69/K70 -> 4.5124056 | L71: =L69/L70 -> 6.27203 | ... Q71: =Q69/Q70 -> 16.23437 | R71: N/a | S71: N/a | T71: N/a | U71: N/a | V71: N/a | W71: N/a | X71: N/a | Y71: N/a | Z71: N/a | AA71: N/a
C72: AISC | D72: US$/lb | E72: =E71*E$10 -> 4.2953501 | F72: =F71*F$10 -> 3.6162229 | G72: =G71*G$10 -> 3.0178969 | H72: =H71*H$10 -> 3.2043836 | I72: =I71*I$10 -> 3.9424008 | J72: =J71*J$10 -> 3.9259057 | K72: =K71*K$10 -> 3.083084 | L72: =L71*L$10 -> 4.124395 | ... Q72: =Q71*Q$10 -> 10.671837 | R72: N/a | S72: N/a | T72: N/a | U72: N/a | V72: N/a | W72: N/a | X72: N/a | Y72: N/a | Z72: N/a | AA72: N/a
C73: Growth capital | D73: $m | E73: 0 | F73: 0 | G73: 0 | H73: 0 | I73: 0 | J73: 0 | K73: 0 | L73: 0 | M73: 0 | N73: 0 | O73: 0 | P73: 0 | Q73: 0 | R73: N/a | S73: N/a | T73: N/a | U73: N/a | V73: N/a | W73: N/a | X73: N/a | Y73: N/a | Z73: N/a | AA73: N/a
C74: Recovery costs during partial operations | D74: $m | E74: 0 | F74: 0 | G74: 0 | H74: 0 | M74: 8.8511279 | N74: 25.36093 | O74: 12.616035 | P74: 14.111606 | Q74: 10.426114
C75: Suspension period Site operating costs | D75: $m | R75: 17.838775 | S75: 10.385415 | T75: 10.464117 | U75: 10.867244 | V75: 7.9966248 | W75: 7.7536014 | X75: 8.0111259 | Y75: 8.3469375 | Z75: 6.7371181 | AA75: 6.6437092
C76: Suspension period capital | D76: $m | R76: 13.822471 | S76: 8.5433517 | T76: 4.4809224 | U76: 0.80033928 | V76: 1.0844432 | W76: 0.98707147 | X76: 1.5873407 | Y76: 0.29025607 | Z76: 2.1221677 | AA76: 3.0500945
B78: Revenue
D80: Unit
C81: Capricorn Copper Gross Revenue | D81: $m | E81: =SUM(E82:E86) -> 55.311126 | F81: =SUM(F82:F86) -> 63.463727 | G81: =SUM(G82:G86) -> 95.808895 | H81: =SUM(H82:H86) -> 91.61433 | I81: =SUM(I82:I86) -> 87.096346 | J81: =SUM(J82:J86) -> 67.002499 | K81: =SUM(K82:K86) -> 76.139113 | L81: =SUM(L82:L86) -> 65.068447 | ... AA81: =SUM(AA82:AA86) -> 0
C82: Copper | D82: $m | E82: 53.903771 | F82: 61.351595 | G82: 93.428337 | H82: 89.736582 | I82: 85.706271 | J82: 65.542882 | K82: 74.263535 | L82: 63.566012 | M82: 43.803378 | N82: -0.74505021 | O82: 9.1567618 | P82: 30.954871 | Q82: 14.243193 | R82: 11.50958 | S82: 1.6351441 | T82: -0.18155911 | U82: 0 | V82: 2.7307776 | W82: -0.12135701 | X82: 0 | Y82: 0 | Z82: 0 | AA82: 0
C83: Zinc | D83: $m | E83: 0 | F83: 0 | G83: 0 | H83: 0 | I83: 0 | J83: 0 | K83: 0 | L83: 0 | M83: 0 | N83: 0 | O83: 0 | P83: 0 | Q83: 0 | R83: 0 | S83: 0 | T83: 0 | U83: 0 | V83: 0 | W83: 0 | X83: 0 | Y83: 0 | Z83: 0 | AA83: 0
C84: Gold | D84: $m | E84: 0 | F84: 0 | G84: 0 | H84: 0 | I84: 0 | J84: 0 | K84: 0 | L84: 0 | M84: 0 | N84: 0 | O84: 0 | P84: 0 | Q84: 0 | R84: 0 | S84: 0 | T84: 0 | U84: 0 | V84: 0 | W84: 0 | X84: 0 | Y84: 0 | Z84: 0 | AA84: 0
C85: Silver | D85: $m | E85: 1.4073544 | F85: 2.1121326 | G85: 2.3805585 | H85: 1.8777484 | I85: 1.3900748 | J85: 1.4596167 | K85: 1.8755779 | L85: 1.5024354 | M85: 0.78629444 | N85: 0.03417684 | O85: 0.16639699 | P85: 0 | Q85: 0.04525701 | R85: -0.05974054 | S85: 0 | T85: 0 | U85: 0 | V85: 0 | W85: 0 | X85: 0 | Y85: 0 | Z85: 0 | AA85: 0
C86: Lead | D86: $m | E86: 0 | F86: 0 | G86: 0 | H86: 0 | I86: 0 | J86: 0 | K86: 0 | L86: 0 | M86: 0 | N86: 0 | O86: 0 | P86: 0 | Q86: 0 | R86: 0 | S86: 0 | T86: 0 | U86: 0 | V86: 0 | W86: 0 | X86: 0 | Y86: 0 | Z86: 0 | AA86: 0
C87: Gross revenue is shown inclusive of final invoice and realised quotational period (‘QP’) adjustments, but excluding hedging gains/losses, TCRC and unrealised QP adjustments
